 Dungeon Crawl Stone Soup version 0.31-a0-702-gf82c85558f (webtiles) character file.

Game seed: 439831523874569803

236090 qw the Slayer (level 19, -12/137 HPs)
             Began as a Gargoyle Hunter on Sept 8, 2023.
             Was an Elder of Okawaru.
             Killed from afar by an ironbound frostheart (16 damage)
             ... by creeping frost
             ... summoned by a boggart
             ... on level 1 of the Vaults.
             The game lasted 00:21:43 (31077 turns).

qw the Slayer (Gargoyle Hunter)                    Turns: 31077, Time: 00:21:44

Health: -12/137    AC: 42    Str: 17    XL:     19   Next: 65%
Magic:  25/26      EV: 34    Int: 14    God:    Okawaru [****..]
Gold:   1971       SH:  0    Dex: 28    Spells: 18/18 levels left

rFire   . . .        k - +2 longbow (flame)
rCold   + . .        (shield currently unavailable)
rNeg    + . .        y - +4 ring mail {rC+}
rPois   inf          r - +2 helmet
rElec   +            s - +2 cloak
rCorr   .            v - +2 pair of gloves {Dex+3}
SInv    .            n - +2 pair of boots {Fly}
Will    +....        f - amulet of faith
Stlth   +++          z - ring of Icsa {rPois Int+4 Dex+6}
HPRegen 0.42/turn    i - +5 ring of evasion
MPRegen 0.20/turn

%: faith
@: about to teleport, heroic, finesse-ful, marked, flying
A: sickness immunity, AC +14, big wings, negative energy resistance 1,
electricity resistance, torment resistance 1, petrification resistance
}: 1/15 runes: barnacled
a: Renounce Religion, Heroism, Finesse


You were on level 1 of the Vaults.
You worshipped Okawaru.
Okawaru was greatly pleased with you.
You visited 7 branches of the dungeon, and saw 32 of its levels.

You collected 3927 gold pieces.
You spent 1956 gold pieces at shops.


Innate Abilities, Weirdness & Mutations

You are immune to sickness and miasma.
Your stone body is resilient. (AC +14)
You are immune to poison.
Your large and strong wings let you fly.
You resist negative energy. (rN+)
You are resistant to electric shocks. (rElec)
You are resistant to unholy torment.
You are immune to petrification.


   Skills:
 - Level 21.0(26.0) Fighting
 - Level 20.0(25.0) Ranged Weapons
 + Level 13.6(18.6) Armour
 - Level 14.0(19.0) Dodging
 - Level 1.1(6.1) Stealth
 - Level 10.1 Invocations


You had 18 spell levels left.
You didn't know any spells.
Your spell library was empty.

Inventory:

Hand Weapons
 k - a +2 longbow of flaming (weapon)
Armour
 d - a +3 ring mail of fire resistance
 n - a +2 pair of boots of flying (worn)
 p - the +2 ring mail "Angurep" {rCorr Int-2 Slay+3}
   (You bought it in a shop on level 2 of the Orcish Mines)

   Int-2:     It affects your intelligence (-2).
   Slay+3:    It affects your accuracy & damage with ranged weapons and melee
   (+3).
   rCorr:     It protects you from acid and corrosion.
 r - a +2 helmet (worn)
 s - a +2 cloak (worn)
 v - a +2 pair of gloves of dexterity (worn)
 y - a +4 ring mail of cold resistance (worn)
Jewellery
 c - an amulet of reflection
 f - an amulet of faith (around neck)
 i - a +5 ring of evasion (right hand)
 u - a ring of protection from fire
 z - the ring of Icsa (left hand) {rPois Int+4 Dex+6}
   (You took it off an orc warrior on level 2 of the Orcish Mines)

   [ring of dexterity]

   Int+4:     It affects your intelligence (+4).
   Dex+6:     It affects your dexterity (+6).
   rPois:     It protects you from poison
Wands
 h - a wand of digging (6)
Scrolls
 a - 14 scrolls of identify
 m - 3 scrolls of teleportation
Potions
 b - a potion of cancellation
 e - 10 potions of curing
 g - 3 potions of resistance
 j - 3 potions of might
 o - a potion of mutation
 q - 5 potions of haste
 t - 6 potions of enlightenment

Dungeon Overview and Level Annotations

Branches:
Dungeon (15/15)            Temple (1/1) D:4            Lair (5/5) D:10
 Shoals (4/4) Lair:2        Snake (3/4) Lair:2        Slime (0/5) Lair:5
    Orc (2/2) D:9             Elf (0/3) Orc:2        Vaults (2/5) D:14
 Depths (0/4) D:15
  Crypt: Vaults:2-3

Altars:
Ashenzari
Cheibriados
Dithmenos
Elyvilon
Fedhas
Gozag
Hepliaklqana
Kikubaaqudgha
Makhleb
Nemelex Xobeh
Okawaru
Qazlal
Ru
Sif Muna
Trog
Uskayaw
Vehumet
Wu Jian
Xom
Yredelemnul
Zin
The Shining One
Jiyva

Shops:
D:4 ![=   D:6 ?![*   Orc:1 **   Orc:2 [([:(   Vaults:1 *

Annotations:
Lair:1 2 transporters
Lair:5 1 runed translucent door, qw's ghost, journeyman GrHu
Vaults:1 1 transporter


Message History

The dire elephant misses you.
The dire elephant completely misses you.
The dire elephant trunk-slaps you but does no damage.
31074 ||| READING 4 scrolls of teleportation.
As you read the scroll of teleportation, it crumbles to dust.
You feel strangely unstable.
You hear some strange, mumbled words.
Electricity crackles from the ironbound thunderhulk's apparatus.
The bolt of lightning misses you.
The boggart casts a spell.
The boggart flickers and vanishes!
Deactivating autopickup; reactivate with Ctrl-A.
The orc knight hits you with a +0 battleaxe!
The dire elephant completely misses you.
The dire elephant misses you.
The dire elephant completely misses you. x2
The ironbound preserver gestures wildly while chanting.
The ironbound preserver begins to accept its allies' injuries.
You shoot an arrow.
The arrow barely misses the dire elephant.
The arrow completely misses the ironbound preserver.
The arrow hits the yaktaur!!
The arrow burns the yaktaur.
The yaktaur is moderately wounded.
The vault sentinel blows a loud note on a signal horn!
You shoot an arrow.
The arrow hits the dire elephant but does no damage.
The dire elephant is heavily wounded.
The orc knight completely misses you.
You shoot an arrow. The arrow hits the dire elephant!!!
The arrow burns the dire elephant.
The dire elephant is severely wounded.
The dire elephant completely misses you.
The dire elephant closely misses you. The dire elephant tramples you.
You hold your ground!
The dire elephant trunk-slaps you but does no damage.
The ironbound preserver casts a spell.
The ironbound preserver is healed somewhat.
The ironbound frostheart calls freezing cold from the walls.
The frost grips you! You resist.
You die...

#..# ## #..# #.
#..# ## #..# #.
#..# ####### ### ##
#..# ##.....## ##.#
# #..###.....op##
##..# ##
#..##.....O{To##
##..## #.
#..)....%p{pTY@#
##..### ##
#..##....{oTYY##
##..##.# #.
#..###.....op##
##..##..# ## #..#
##....c##
##..'#..## # #..#
##########..##..'##
# #..#
#......##..##..##.#
# #..#
#......'..##..##..#
#..#
#......############
#..# #......#


You could see 3 dire elephants, an orc warlord (summoned, strong, sheltered), an
ironbound preserver (summoned), an ironbound thunderhulk (summoned, sheltered),
3 orc knights, an ironbound frostheart (summoned, sheltered), 3 deep trolls, 2
vault sentinels and a yaktaur (summoned, sheltered).

Vanquished Creatures
  Nikola (Vaults:1)
  Rupert (Snake:1)
  A sphinx (Vaults:1)
  Frances (Shoals:1)
  Polyphemus (Shoals:2)
  A kraken (Shoals:3)
  Kirke (Lair:3)
  Donald (Snake:1)
  Ilsuiw (Shoals:3)
  Aizul (Snake:1)
  A vault warden (Vaults:1)
  An angel (Shoals:4)
  3 orc warlords (Orc:2)
  3 ironbound preservers (Vaults:1)
  3 dire elephants (Vaults:1)
  An ironbound thunderhulk (Vaults:1)
  Nessos (Lair:3)
  Azrael (Orc:1)
  6 merfolk javelineers
  An ettin (D:9)
  Josephine (Snake:1)
  A fire dragon (D:15)
  16 merfolk impalers
  2 vault guards (D:13)
  A salamander tyrant (Snake:3)
  Harold (D:9)
  2 yaktaur captains (Vaults:1)
  An ogre mage (D:15)
  4 hydras
  3 merfolk avatars
  7 anacondas
  A catoblepas (Shoals:2)
  11 centaur warriors
  Erica (Lair:1)
  2 ironbound frosthearts (Vaults:1)
  4 alligator snapping turtles
  5 boulder beetles
  A death knight (D:15)
  7 merfolk aquamancers (Shoals:4)
  12 death yaks
  6 two-headed ogres
  9 naga warriors
  2 satyrs
  4 shock serpents
  Urug (D:10)
  3 orc high priests (Orc:2)
  6 tengu warriors
  6 naga sharpshooters
  2 holy swine (Shoals:4)
  13 spriggans (Lair:5)
  Sonja (D:10)
  7 skeletal warriors
  Amaemon (D:8)
  A salamander mystic (Snake:3)
  6 skysharks
  21 sea snakes
  10 deep trolls (Vaults:1)
  An ironbound convoker (Vaults:1)
  3 cherubim (Shoals:4)
  2 glowing orange brains
  An orb spider (shapeshifter) (D:14)
  3 naga ritualists
  5 lindwurms (Vaults:1)
  A swamp dragon (shapeshifter) (D:15)
  9 orc knights (Orc:2)
  13 harpies
  2 deep elf pyromancers
  4 mana vipers
  A wolf spider zombie (D:15)
  10 salamanders
  16 fauns
  6 orc sorcerers (Orc:2)
  9 cyclopes
  12 elephants
  17 manticores
  13 ugly things
  10 merfolk sirens
  Maurice (D:10)
  4 guardian serpents
  7 naga magi
  10 centaur zombies (D:15)
  2 water nymphs
  Joseph (D:10)
  22 black mambas
  Jeremiah (Lair:1)
  5 vault sentinels (Vaults:1)
  An orange demon (D:8)
  12 cane toads
  8 yaktaurs (Vaults:1)
  3 gargoyles
  A rime drake (Lair:2)
  A redback zombie (D:15)
  10 komodo dragons
  2 freezing wraiths (D:15)
  5 polar bears
  23 merfolk
  9 trolls
  6 hornets
  Grinder (D:5)
  Prince Ribbit (D:7)
  18 dream sheep
  16 blink frogs
  6 wind drakes
  8 snapping turtles
  6 slime creatures (D:15)
  2 shadows
  A centaur simulacrum (D:15)
  Sigmund (D:5)
  3 water elementals
  45 yaks
  11 wraiths
  10 humans
  11 wyverns
  3 basilisks
  A vampire (D:13)
  2 fire elementals (Orc:1)
  2 steam dragons
  10 vampire mosquitoes
  25 nagas
  3 wargs (Orc:2)
  4 acid dragons
  Duvessa (D:7)
  4 hell hounds
  12 water moccasins
  A hornet zombie (D:15)
  36 orc warriors
  4 black bears
  25 wolves
  4 boggarts (Lair:5)
  15 ogres
  25 centaurs
  3 phantoms
  2 kobold brigands
  14 bullfrogs
  3 gnoll sergeants (D:9)
  2 scorpions
  Dowan (D:7)
  5 wights (D:8)
  3 killer bees (D:9)
  11 howler monkeys
  A crimson imp (D:7)
  3 lava snakes (Lair:2)
  4 hounds (D:5)
  16 orc priests
  A jelly (D:6)
  3 sleepcaps
  3 iguanas
  23 orc wizards
  2 hell rats (Lair:3)
  8 gnolls
  9 adders
  9 river rats (Lair:3)
  A shadow imp (D:6)
  3 white imps
  An ufetubus (D:6)
  A dart slug (D:1)
  2 worms (D:4)
  85 orcs
  7 ball pythons
  7 bats
  5 endoplasms
  3 giant cockroaches
  6 goblins
  8 hobgoblins
  3 jackals (D:5)
  4 quokkas
  2 frilled lizards
  18 kobolds
  6 rats
  4 tentacles (Shoals:3)
1094 creatures vanquished.

Vanquished Creatures (others)
  A vault guard (D:14)
  A sea snake (Shoals:4)
  A human (D:14)
  A hobgoblin (D:3)
  5 tentacles (Shoals:3)
9 creatures vanquished.

Grand Total: 1103 creatures vanquished

Notes
Turn   | Place    | Note
-------+----------+-------------------------------------------
     0 | D:1      | qw the Gargoyle Hunter began the quest for the Orb.
     0 | D:1      | Reached XP level 1. HP: 12/12 MP: 1/1
     0 | D:1      | 0 ||| qw: Version: 0.3-a-76-g4403597
     0 | D:1      | 0 ||| qw: Game counter: 1044
     0 | D:1      | 0 ||| qw: Melee chars always use a shield: true
     0 | D:1      | 0 ||| qw: God list: Okawaru
     0 | D:1      | 0 ||| qw: Allow faded altars: false
     0 | D:1      | 0 ||| qw: Do Orc after clearing Dungeon:15 true
     0 | D:1      | 0 ||| qw: Do second Lair branch before Depths: true
     0 | D:1      | 0 ||| qw: Lair rune preference: random
     0 | D:1      | 0 ||| qw: Goals: Normal
     0 | D:1      | 0 ||| PLANNING D:1-11
   123 | D:1      | Found a faded altar of an unknown god.
   159 | D:1      | Reached XP level 2. HP: 17/17 MP: 2/2
   276 | D:1      | HP: 4/17 [dart slug/slug dart (2)]
   431 | D:1      | Reached XP level 3. HP: 21/21 MP: 3/3
   867 | D:1      | 867 ||| UPGRADING to +0 ring mail.
   877 | D:1      | 877 ||| DROPPING +0 leather armour.
   878 | D:1      | 878 ||| UPGRADING to amulet of guardian spirit.
   883 | D:1      | 883 ||| UPGRADING to +4 ring of slaying {mikee}.
   884 | D:1      | 884 ||| READING 2 scrolls labelled MOT MOLOIXEREZUA.
   885 | D:1      | 885 ||| READING 2 scrolls labelled CODUVOE YSIU.
   886 | D:1      | 886 ||| READING scroll labelled GELITZ MUSM.
   887 | D:1      | 887 ||| READING scroll labelled QAZOEH XEOMYA.
   888 | D:1      | 888 ||| DROPPING scroll of butterflies.
   889 | D:1      | 889 ||| DROPPING scroll of fear.
  1187 | D:2      | Reached skill level 1 in Armour
  1455 | D:2      | 1455 ||| READING scroll labelled USTREH ACHEU.
  1456 | D:2      | 1456 ||| READING 2 scrolls of identify.
  1456 | D:2      | 1456 ||| IDENTIFYING bubbling emerald potion
  1493 | D:3      | Found a shimmering altar of Xom.
  1506 | D:3      | Reached XP level 4. HP: 24/27 MP: 4/4
  1507 | D:3      | 1507 ||| FLEEEEING.
  1508 | D:3      | 1508 ||| FLEEEEING.
  1572 | D:3      | Reached skill level 3 in Fighting
  1717 | D:3      | Noticed a phantom
  1726 | D:3      | Killed a phantom
  1727 | D:3      | Reached XP level 5. HP: 32/32 MP: 3/5
  1988 | D:3      | Reached skill level 6 in Ranged Weapons
  2084 | D:3      | 2084 ||| UPGRADING to ring of willpower.
  2085 | D:3      | 2085 ||| READING scroll labelled AVVAORH TEKH.
  2172 | D:4      | Noticed a phantom
  2181 | D:4      | Killed a phantom
  2182 | D:4      | Reached skill level 4 in Fighting
  2182 | D:4      | Reached XP level 6. HP: 39/39 MP: 6/6
  2202 | D:4      | 2202 ||| Stepping ~*~*~tactically~*~*~ (outnumbered).
  2204 | D:4      | 2204 ||| Stepping ~*~*~tactically~*~*~ (outnumbered).
  2206 | D:4      | 2206 ||| Stepping ~*~*~tactically~*~*~ (outnumbered).
  2208 | D:4      | 2208 ||| Stepping ~*~*~tactically~*~*~ (outnumbered).
  2250 | D:4      | Found Bywosmoq's Armour Emporium.
  2272 | D:4      | 2272 ||| SHOPLISTING +1 acid dragon scales of Exclusion
                  | {Will+ rCorr Str+3 Int+3} (702 gold, have 168).
  2272 | D:4      | 2272 ||| BUYING +1 pair of boots of flying (165 gold).
  2272 | D:4      | Bought a +1 pair of boots of flying for 165 gold pieces
  2301 | D:4      | Found a sparkling altar of Nemelex Xobeh.
  2301 | D:4      | Found a sacrificial altar of Ru.
  2436 | D:4      | Found Jauz Qub's Distillery.
  2445 | D:4      | 2445 ||| SHOPLISTING potion of curing (42 gold, have 17).
  2445 | D:4      | 2445 ||| SHOPLISTING potion of haste (140 gold, have 17).
  2445 | D:4      | 2445 ||| SHOPLISTING potion of heal wounds (70 gold, have
                  | 17).
  2445 | D:4      | 2445 ||| SHOPLISTING potion of resistance (140 gold, have
                  | 17).
  2463 | D:4      | Found a staircase to the Ecumenical Temple.
  2464 | D:4      | 2464 ||| PLANNING TEMPLE
  2464 | D:4      | 2464 ||| UPGRADING to +0 pair of gloves.
  2469 | D:4      | 2469 ||| UPGRADING to +1 pair of boots of flying.
  2474 | D:4      | 2474 ||| UPGRADING to ring of protection from cold.
  2476 | D:4      | 2476 ||| READING scroll labelled KAURIT TASIVVI.
  2476 | D:4      | Identified a scroll of acquirement
  2476 | D:4      | 2476 ||| ACQUIRING 507 gold pieces
  2476 | D:4      | Acquired 507 gold pieces
  2486 | Temple   | Entered the Ecumenical Temple
  2487 | Temple   | 2487 ||| PLANNING D:1-11
  2651 | D:4      | Found Ynaib's Jewellery Shop.
  2660 | D:4      | 2660 ||| SHOPLISTING amulet of Saudiwiw {Drain *Slow rN+++
                  | Regen+ Dex+5} (687 gold, have 533).
  2660 | D:4      | 2660 ||| BUYING amulet of reflection (360 gold).
  2660 | D:4      | Bought an amulet of reflection for 360 gold pieces
  2660 | D:4      | 2660 ||| SHOPLISTING ring of Qomout {Int+4 Slay+4} (1120
                  | gold, have 173).
  2660 | D:4      | 2660 ||| SHOPLISTING ring of protection from fire (300
                  | gold, have 173).
  2737 | D:4      | Found a shimmering blue altar of Sif Muna.
  2752 | D:4      | 2752 ||| UPGRADING to amulet of reflection.
  2762 | D:4      | 2762 ||| DROPPING amulet of guardian spirit.
  2768 | D:5      | Entered Level 5 of the Dungeon
  2785 | D:5      | Found a radiant altar of Vehumet.
  2803 | D:5      | Reached XP level 7. HP: 44/44 MP: 7/7
  2807 | D:5      | 2807 ||| RETREATING.
  2815 | D:5      | 2815 ||| Stepping ~*~*~tactically~*~*~ (outnumbered).
  2821 | D:5      | 2821 ||| RETREATING.
  2931 | D:5      | Found an ornate altar of the Wu Jian Council.
  2974 | D:5      | Found a glowing silver altar of Zin.
  2974 | D:5      | Found a glowing golden altar of the Shining One.
  3028 | D:5      | Found a white marble altar of Elyvilon.
  3154 | D:5      | Noticed Grinder
  3163 | D:5      | Killed Grinder
  3285 | D:5      | Reached skill level 5 in Fighting
  3285 | D:5      | Reached XP level 8. HP: 49/49 MP: 8/8
  3326 | D:5      | Noticed Sigmund
  3327 | D:5      | 3327 ||| RETREATING.
  3329 | D:5      | 3329 ||| Stepping ~*~*~tactically~*~*~ (retreating).
  3335 | D:5      | Killed Sigmund
  3817 | D:5      | 3817 ||| READING scroll labelled SACKIL FAEDGHUZ.
  3852 | D:5      | 3852 ||| READING 3 scrolls of identify.
  3852 | D:5      | 3852 ||| IDENTIFYING bubbling ruby potion
  3853 | D:5      | 3853 ||| READING 2 scrolls of identify.
  3853 | D:5      | 3853 ||| IDENTIFYING orange potion
  3854 | D:5      | 3854 ||| DRINKING potion of experience.
  3854 | D:5      | Reached XP level 9. HP: 54/54 MP: 9/9
  3927 | D:6      | Found Ratuty's Magic Scroll Emporium.
  3937 | D:6      | 3937 ||| BUYING scroll of enchant weapon (97 gold).
  3937 | D:6      | Bought a scroll of enchant weapon for 97 gold pieces
  3937 | D:6      | 3937 ||| BUYING scroll of identify (26 gold).
  3937 | D:6      | Bought a scroll of identify for 26 gold pieces
  3937 | D:6      | 3937 ||| BUYING scroll of identify (26 gold).
  3937 | D:6      | Bought a scroll of identify for 26 gold pieces
  3937 | D:6      | 3937 ||| READING scroll of enchant weapon.
  3937 | D:6      | 3937 ||| ENCHANTING +0 shortbow.
  3971 | D:6      | Found Zuomoshreet's Distillery.
  3979 | D:6      | 3979 ||| BUYING 2 potions of curing (60 gold).
  3979 | D:6      | Bought 2 potions of curing for 60 gold pieces
  3979 | D:6      | 3979 ||| SHOPLISTING potion of heal wounds (50 gold, have
                  | 31).
  4002 | D:6      | 4002 ||| Stepping ~*~*~tactically~*~*~ (outnumbered).
  4018 | D:6      | Found a stormy altar of Qazlal.
  4166 | D:6      | Found Mued Kit's Armour Shop.
  4179 | D:6      | 4179 ||| SWAPPING to +0 longbow.
  4182 | D:6      | 4182 ||| DROPPING +1 shortbow.
  4229 | D:6      | Found Ytuimaeg's Assorted Antiques.
  4232 | D:6      | 4232 ||| SHOPLISTING faintly humming robe (153 gold, have
                  | 49).
  4232 | D:6      | 4232 ||| SHOPLISTING ivory ring (135 gold, have 49).
  4232 | D:6      | 4232 ||| SHOPLISTING scroll of teleportation (81 gold, have
                  | 49).
  4232 | D:6      | 4232 ||| SHOPLISTING shiny ring mail (189 gold, have 49).
  4551 | D:6      | 4551 ||| READING scroll labelled DUNTO JORU.
  4552 | D:6      | 4552 ||| READING scroll labelled LIAG PAIHOXEO.
  4653 | D:6      | 4653 ||| READING 6 scrolls of identify.
  4653 | D:6      | 4653 ||| IDENTIFYING grey potion
  4654 | D:6      | 4654 ||| READING 5 scrolls of identify.
  4654 | D:6      | 4654 ||| IDENTIFYING white potion
  4655 | D:6      | 4655 ||| READING 4 scrolls of identify.
  4655 | D:6      | 4655 ||| IDENTIFYING bubbling sapphire potion
  4656 | D:6      | 4656 ||| READING 3 scrolls of identify.
  4656 | D:6      | 4656 ||| IDENTIFYING bubbling grey potion
  4657 | D:6      | 4657 ||| DROPPING potion of lignification.
  4710 | D:7      | Noticed Dowan
  4712 | D:7      | Noticed Duvessa
  4714 | D:7      | Killed Duvessa
  4715 | D:7      | Reached skill level 6 in Fighting
  4718 | D:7      | Killed Dowan
  4777 | D:7      | Reached skill level 3 in Armour
  4907 | D:7      | Noticed Prince Ribbit
  4912 | D:7      | Killed Prince Ribbit
  4913 | D:7      | Reached skill level 7 in Fighting
  4913 | D:7      | Reached XP level 10. HP: 63/63 MP: 10/10
  4961 | D:7      | Found a burning altar of Makhleb.
  4963 | D:7      | Reached skill level 3 in Dodging
  5085 | D:7      | 5085 ||| UPGRADING to +0 cloak.
  5090 | D:7      | 5090 ||| READING 2 scrolls labelled IGOCEM PIOPH.
  5091 | D:7      | 5091 ||| READING 2 scrolls of identify.
  5091 | D:7      | 5091 ||| IDENTIFYING red potion
  5092 | D:7      | 5092 ||| DROPPING scroll of vulnerability.
  5120 | D:8      | 5120 ||| Stepping ~*~*~tactically~*~*~ (outnumbered).
  5170 | D:8      | Found an iron altar of Okawaru.
  5171 | D:8      | 5171 ||| PLANNING OKAWARU WORSHIP
  5171 | D:8      | 5171 ||| UPGRADING to +0 steam dragon scales.
  5181 | D:8      | 5181 ||| DROPPING +0 ring mail.
  5191 | D:8      | Became a worshipper of Warmaster Okawaru
  5192 | D:8      | 5192 ||| PLANNING D:1-11
  5319 | D:8      | Noticed Amaemon
  5319 | D:8      | Noticed an orange demon
  5320 | D:8      | 5320 ||| Stepping ~*~*~tactically~*~*~ (retreating).
  5327 | D:8      | Killed Amaemon
  5328 | D:8      | Reached skill level 8 in Fighting
  5332 | D:8      | Killed an orange demon
  5332 | D:8      | Reached * piety under Okawaru
  5383 | D:8      | 5383 ||| INVOKING Heroism.
  5419 | D:8      | 5419 ||| RETREATING.
  5420 | D:8      | 5420 ||| Stepping ~*~*~tactically~*~*~ (outnumbered).
  5424 | D:8      | 5424 ||| Stepping ~*~*~tactically~*~*~ (retreating).
  5451 | D:8      | Reached skill level 1 in Invocations
  5807 | D:9      | 5807 ||| RETREATING.
  5808 | D:9      | 5808 ||| Stepping ~*~*~tactically~*~*~ (retreating).
  5809 | D:9      | 5809 ||| Stepping ~*~*~tactically~*~*~ (retreating).
  5810 | D:9      | 5810 ||| Stepping ~*~*~tactically~*~*~ (retreating).
  5811 | D:9      | 5811 ||| Stepping ~*~*~tactically~*~*~ (retreating).
  5812 | D:9      | 5812 ||| Stepping ~*~*~tactically~*~*~ (retreating).
  5826 | D:9      | 5826 ||| INVOKING Heroism.
  5830 | D:9      | 5830 ||| RETREATING.
  5862 | D:9      | Reached skill level 3 in Invocations
  5881 | D:9      | 5881 ||| INVOKING Heroism.
  5883 | D:9      | Reached XP level 11. HP: 69/69 MP: 10/13
  5886 | D:9      | Reached ** piety under Okawaru
  5887 | D:9      | Reached skill level 9 in Fighting
  5933 | D:9      | 5933 ||| INVOKING Heroism.
  6035 | D:9      | Noticed Harold
  6036 | D:9      | 6036 ||| Stepping ~*~*~tactically~*~*~ (retreating).
  6037 | D:9      | 6037 ||| Stepping ~*~*~tactically~*~*~ (retreating).
  6038 | D:9      | 6038 ||| Stepping ~*~*~tactically~*~*~ (retreating).
  6039 | D:9      | 6039 ||| Stepping ~*~*~tactically~*~*~ (retreating).
  6040 | D:9      | 6040 ||| Stepping ~*~*~tactically~*~*~ (retreating).
  6041 | D:9      | 6041 ||| Stepping ~*~*~tactically~*~*~ (retreating).
  6042 | D:9      | 6042 ||| INVOKING Heroism.
  6051 | D:9      | Killed Harold
  6053 | D:9      | 6053 ||| Stepping ~*~*~tactically~*~*~ (retreating).
  6279 | D:9      | Found a staircase to the Orcish Mines.
  6415 | D:9      | 6415 ||| UPGRADING to +0 troll leather armour.
  6425 | D:9      | 6425 ||| DROPPING +0 steam dragon scales.
  6426 | D:9      | 6426 ||| DRINKING 3 silvery potions.
  6427 | D:9      | 6427 ||| READING 2 scrolls of identify.
  6427 | D:9      | 6427 ||| IDENTIFYING emerald potion
  6428 | D:9      | 6428 ||| DROPPING potion of brilliance.
  6429 | D:9      | 6429 ||| DROPPING 2 potions of degeneration.
  6454 | D:10     | Entered Level 10 of the Dungeon
  6474 | D:10     | Noticed Joseph
  6479 | D:10     | Killed Joseph
  6539 | D:10     | 6539 ||| Stepping ~*~*~tactically~*~*~ (retreating).
  6544 | D:10     | 6544 ||| RETREATING.
  6550 | D:10     | Reached skill level 10 in Fighting
  6555 | D:10     | 6555 ||| Stepping ~*~*~tactically~*~*~ (retreating).
  6557 | D:10     | Reached *** piety under Okawaru
  6567 | D:10     | Reached skill level 15 in Ranged Weapons
  6602 | D:10     | Found a staircase to the Lair.
  6813 | D:10     | 6813 ||| INVOKING Heroism.
  6860 | D:10     | Noticed a two-headed ogre
  6861 | D:10     | 6861 ||| INVOKING Heroism.
  6868 | D:10     | Killed a two-headed ogre
  6903 | D:10     | Noticed Urug
  6904 | D:10     | 6904 ||| INVOKING Heroism.
  6913 | D:10     | Killed Urug
  6941 | D:10     | Noticed Sonja
  6946 | D:10     | Killed Sonja
  7085 | D:10     | 7085 ||| READING scroll of enchant weapon.
  7085 | D:10     | 7085 ||| ENCHANTING +0 longbow of flaming.
  7170 | D:10     | Noticed Maurice
  7173 | D:10     | Killed Maurice
  7173 | D:10     | Reached **** piety under Okawaru
  7306 | D:10     | 7306 ||| PLANNING LAIR
  7306 | D:10     | 7306 ||| READING scroll labelled LOWELU RAROPU.
  7307 | D:10     | 7307 ||| READING 2 scrolls of identify.
  7307 | D:10     | 7307 ||| IDENTIFYING brown potion
  7335 | Lair:1   | Entered Level 1 of the Lair of Beasts
  7401 | Lair:1   | Noticed Jeremiah
  7406 | Lair:1   | Killed Jeremiah
  7407 | Lair:1   | Reached XP level 12. HP: 77/77 MP: 15/15
  7435 | Lair:1   | 7435 ||| INVOKING Heroism.
  7532 | Lair:1   | 7532 ||| INVOKING Heroism.
  7656 | Lair:1   | 7656 ||| INVOKING Heroism.
  7751 | Lair:1   | Found a transporter.
  7753 | Lair:1   | Found a transporter.
  7753 | Lair:1   | Noticed a boulder beetle
  7810 | Lair:1   | 7810 ||| RETREATING.
  7821 | Lair:1   | 7821 ||| Stepping ~*~*~tactically~*~*~ (retreating).
  7823 | Lair:1   | Reached skill level 6 in Invocations
  7826 | Lair:1   | 7826 ||| INVOKING Heroism.
  7989 | Lair:1   | Noticed Erica
  7990 | Lair:1   | 7990 ||| DRINKING 6 potions of curing.
  7990 | Lair:1   | 7990 ||| (to cure confusion)
  7991 | Lair:1   | 7991 ||| INVOKING Heroism.
  8000 | Lair:1   | 8000 ||| DRINKING 5 potions of curing.
  8000 | Lair:1   | 8000 ||| (to cure confusion)
  8003 | Lair:1   | Killed Erica
  8217 | Lair:2   | Reached ***** piety under Okawaru
  8234 | Lair:2   | Noticed a skyshark
  8236 | Lair:2   | 8236 ||| RETREATING.
  8242 | Lair:2   | 8242 ||| Stepping ~*~*~tactically~*~*~ (retreating).
  8244 | Lair:2   | 8244 ||| Stepping ~*~*~tactically~*~*~ (retreating).
  8245 | Lair:2   | 8245 ||| Stepping ~*~*~tactically~*~*~ (retreating).
  8246 | Lair:2   | 8246 ||| Stepping ~*~*~tactically~*~*~ (retreating).
  8251 | Lair:2   | 8251 ||| INVOKING Heroism.
  8252 | Lair:2   | Killed a skyshark
  8252 | Lair:2   | Received a gift from Okawaru
  8318 | Lair:2   | Reached skill level 11 in Fighting
  8322 | Lair:2   | 8322 ||| INVOKING Heroism.
  8336 | Lair:2   | 8336 ||| RETREATING.
  8412 | Lair:2   | 8412 ||| RETREATING.
  8420 | Lair:2   | 8420 ||| Stepping ~*~*~tactically~*~*~ (retreating).
  8544 | Lair:2   | Found a staircase to the Snake Pit.
  8549 | Lair:2   | 8549 ||| Stepping ~*~*~tactically~*~*~ (outnumbered).
  8576 | Lair:2   | 8576 ||| RETREATING.
  8614 | Lair:2   | 8614 ||| INVOKING Heroism.
  8634 | Lair:2   | 8634 ||| RETREATING.
  8638 | Lair:2   | 8638 ||| Stepping ~*~*~tactically~*~*~ (retreating).
  8639 | Lair:2   | 8639 ||| Stepping ~*~*~tactically~*~*~ (retreating).
  8642 | Lair:2   | 8642 ||| INVOKING Heroism.
  8643 | Lair:2   | 8643 ||| Stepping ~*~*~tactically~*~*~ (retreating).
  8644 | Lair:2   | 8644 ||| Stepping ~*~*~tactically~*~*~ (retreating).
  8645 | Lair:2   | 8645 ||| Stepping ~*~*~tactically~*~*~ (retreating).
  8646 | Lair:2   | 8646 ||| Stepping ~*~*~tactically~*~*~ (retreating).
  8651 | Lair:2   | Reached skill level 9 in Invocations
  8652 | Lair:2   | 8652 ||| Stepping ~*~*~tactically~*~*~ (retreating).
  8653 | Lair:2   | 8653 ||| Stepping ~*~*~tactically~*~*~ (retreating).
  8654 | Lair:2   | 8654 ||| Stepping ~*~*~tactically~*~*~ (retreating).
  8655 | Lair:2   | 8655 ||| Stepping ~*~*~tactically~*~*~ (retreating).
  8658 | Lair:2   | Reached XP level 13. HP: 60/84 MP: 19/19
  8668 | Lair:2   | Received a gift from Okawaru
  8722 | Lair:2   | 8722 ||| DROPPING +2 arbalest of draining.
  9053 | Lair:2   | Found a staircase to the Shoals.
  9217 | Lair:3   | 9217 ||| INVOKING Heroism.
  9224 | Lair:3   | 9224 ||| Stepping ~*~*~tactically~*~*~ (retreating).
  9225 | Lair:3   | 9225 ||| Stepping ~*~*~tactically~*~*~ (retreating).
  9226 | Lair:3   | 9226 ||| Stepping ~*~*~tactically~*~*~ (retreating).
  9227 | Lair:3   | 9227 ||| Stepping ~*~*~tactically~*~*~ (retreating).
  9347 | Lair:3   | Noticed Kirke
  9348 | Lair:3   | 9348 ||| Stepping ~*~*~tactically~*~*~ (retreating).
  9352 | Lair:3   | 9352 ||| FLEEEEING.
  9354 | Lair:3   | 9354 ||| INVOKING Heroism.
  9355 | Lair:3   | 9355 ||| INVOKING Finesse.
  9365 | Lair:3   | Killed Kirke
  9579 | Lair:3   | 9579 ||| INVOKING Heroism.
  9643 | Lair:3   | Noticed Nessos
  9650 | Lair:3   | Killed Nessos
  9728 | Lair:3   | 9728 ||| INVOKING Heroism.
 10118 | Lair:3   | 10118 ||| READING scroll labelled BEPSAZ UHOZXET.
 10119 | Lair:3   | 10119 ||| READING scroll labelled GEZYIFURIUGO.
 10146 | Lair:4   | 10146 ||| STAIRDANCE
 10147 | Lair:4   | 10147 ||| Stepping ~*~*~tactically~*~*~ (retreating).
 10154 | Lair:4   | 10154 ||| INVOKING Heroism.
 10164 | Lair:4   | Reached skill level 6 in Dodging
 10169 | Lair:4   | HP: 15/84 [elephant (12)]
 10170 | Lair:4   | 10170 ||| READING 6 scrolls of teleportation.
 10171 | Lair:4   | 10171 ||| DRINKING 4 potions of heal wounds.
 10269 | Lair:4   | 10269 ||| RETREATING.
 10272 | Lair:4   | 10272 ||| Stepping ~*~*~tactically~*~*~ (retreating).
 10273 | Lair:4   | 10273 ||| Stepping ~*~*~tactically~*~*~ (retreating).
 10274 | Lair:4   | 10274 ||| Stepping ~*~*~tactically~*~*~ (retreating).
 10275 | Lair:4   | 10275 ||| Stepping ~*~*~tactically~*~*~ (retreating).
 10279 | Lair:4   | 10279 ||| Stepping ~*~*~tactically~*~*~ (retreating).
 10280 | Lair:4   | 10280 ||| Stepping ~*~*~tactically~*~*~ (retreating).
 10327 | Lair:4   | 10327 ||| INVOKING Heroism.
 10471 | Lair:4   | 10471 ||| RETREATING.
 10482 | Lair:4   | 10482 ||| INVOKING Heroism.
 10491 | Lair:4   | 10491 ||| Stepping ~*~*~tactically~*~*~ (retreating).
 10493 | Lair:4   | 10493 ||| Stepping ~*~*~tactically~*~*~ (retreating).
 10494 | Lair:4   | 10494 ||| Stepping ~*~*~tactically~*~*~ (retreating).
 10495 | Lair:4   | 10495 ||| Stepping ~*~*~tactically~*~*~ (retreating).
 10496 | Lair:4   | 10496 ||| Stepping ~*~*~tactically~*~*~ (retreating).
 10497 | Lair:4   | 10497 ||| Stepping ~*~*~tactically~*~*~ (retreating).
 10498 | Lair:4   | 10498 ||| Stepping ~*~*~tactically~*~*~ (retreating).
 10507 | Lair:4   | 10507 ||| Stepping ~*~*~tactically~*~*~ (retreating).
 10508 | Lair:4   | 10508 ||| Stepping ~*~*~tactically~*~*~ (retreating).
 10990 | Lair:4   | 10990 ||| DROPPING ring of willpower.
 10991 | Lair:4   | 10991 ||| UPGRADING to +4 ring of protection.
 10993 | Lair:4   | 10993 ||| DROPPING ring of protection from cold.
 11040 | Lair:5   | Entered Level 5 of the Lair of Beasts
 11041 | Lair:5   | 11041 ||| RETREATING.
 11043 | Lair:5   | 11043 ||| Stepping ~*~*~tactically~*~*~ (retreating).
 11044 | Lair:5   | 11044 ||| Stepping ~*~*~tactically~*~*~ (retreating).
 11045 | Lair:5   | 11045 ||| Stepping ~*~*~tactically~*~*~ (retreating).
 11046 | Lair:5   | 11046 ||| Stepping ~*~*~tactically~*~*~ (retreating).
 11047 | Lair:5   | 11047 ||| Stepping ~*~*~tactically~*~*~ (retreating).
 11048 | Lair:5   | 11048 ||| INVOKING Heroism.
 11056 | Lair:5   | 11056 ||| INVOKING Finesse.
 11064 | Lair:5   | Reached skill level 18 in Ranged Weapons
 11087 | Lair:5   | 11087 ||| Stepping ~*~*~tactically~*~*~ (retreating).
 11094 | Lair:5   | 11094 ||| INVOKING Finesse.
 11098 | Lair:5   | HP: 21/84 [death yak (8)]
 11099 | Lair:5   | 11099 ||| READING 5 scrolls of teleportation.
 11108 | Lair:5   | Found a runed translucent door.
 11111 | Lair:5   | 11111 ||| INVOKING Heroism.
 11115 | Lair:5   | Reached skill level 12 in Fighting
 11115 | Lair:5   | Gained mutation: Your large and strong wings let you fly.
                  | [Gargoyle growth]
 11115 | Lair:5   | Reached XP level 14. HP: 34/92 MP: 11/21
 11270 | Lair:5   | 11270 ||| Stepping ~*~*~tactically~*~*~ (retreating).
 11271 | Lair:5   | 11271 ||| Stepping ~*~*~tactically~*~*~ (retreating).
 11272 | Lair:5   | 11272 ||| INVOKING Heroism.
 11274 | Lair:5   | 11274 ||| INVOKING Finesse.
 11289 | Lair:5   | 11289 ||| RETREATING.
 11385 | Lair:5   | 11385 ||| Stepping ~*~*~tactically~*~*~ (retreating).
 11397 | Lair:5   | 11397 ||| Stepping ~*~*~tactically~*~*~ (retreating).
 11427 | Lair:5   | 11427 ||| INVOKING Heroism.
 11428 | Lair:5   | 11428 ||| INVOKING Finesse.
 11533 | Lair:5   | 11533 ||| INVOKING Heroism.
 11595 | Lair:5   | 11595 ||| RETREATING.
 11614 | Lair:5   | 11614 ||| INVOKING Heroism.
 11643 | Lair:5   | Identified the +6 dagger of Bankruptcy {protect, *Slow
                  | Str+2 Int+3}
 11813 | Lair:5   | Found a viscous altar of Jiyva.
 11813 | Lair:5   | Found a staircase to the Slime Pits.
 11910 | Lair:5   | 11910 ||| INVOKING Heroism.
 11932 | Lair:5   | 11932 ||| RETREATING.
 11947 | Lair:5   | 11947 ||| Stepping ~*~*~tactically~*~*~ (retreating).
 11952 | Lair:5   | 11952 ||| Stepping ~*~*~tactically~*~*~ (retreating).
 11956 | Lair:5   | Reached skill level 13 in Fighting
 12013 | Lair:5   | Found the +7 great mace "Undeadhunter" {deathbane, rN+}
 12217 | Lair:5   | Noticed qw's ghost (journeyman GrHu)
 12219 | Lair:5   | 12219 ||| PLANNING D:1-11
 12219 | Lair:5   | 12219 ||| READING 5 scrolls of identify.
 12219 | Lair:5   | 12219 ||| IDENTIFYING fizzy grey potion
 12220 | Lair:5   | 12220 ||| READING 4 scrolls of identify.
 12220 | Lair:5   | 12220 ||| IDENTIFYING sapphire potion
 12221 | Lair:5   | 12221 ||| DROPPING potion of attraction.
 12222 | Lair:5   | 12222 ||| DROPPING potion of berserk rage.
 12302 | D:11     | 12302 ||| INVOKING Heroism.
 12303 | D:11     | 12303 ||| INVOKING Finesse.
 12304 | D:11     | 12304 ||| INVOKING Finesse.
 12315 | D:11     | 12315 ||| STAIRDANCE
 12352 | D:11     | 12352 ||| STAIRDANCE
 12358 | D:11     | 12358 ||| INVOKING Heroism.
 12676 | D:11     | 12676 ||| INVOKING Heroism.
 13130 | D:11     | 13130 ||| PLANNING D
 13169 | D:12     | 13169 ||| STAIRDANCE
 13362 | D:12     | 13362 ||| INVOKING Heroism.
 13363 | D:12     | 13363 ||| INVOKING Finesse.
 13424 | D:12     | 13424 ||| RETREATING.
 13427 | D:12     | 13427 ||| Stepping ~*~*~tactically~*~*~ (outnumbered).
 13490 | D:12     | 13490 ||| Stepping ~*~*~tactically~*~*~ (outnumbered).
 13491 | D:12     | 13491 ||| Stepping ~*~*~tactically~*~*~ (outnumbered).
 13501 | D:12     | 13501 ||| DRINKING 6 potions of curing.
 13501 | D:12     | 13501 ||| (to cure confusion)
 13504 | D:12     | 13504 ||| FLEEEEING.
 13505 | D:12     | 13505 ||| FLEEEEING.
 13506 | D:12     | 13506 ||| FLEEEEING.
 13507 | D:12     | 13507 ||| FLEEEEING.
 13508 | D:12     | 13508 ||| FLEEEEING.
 13509 | D:12     | 13509 ||| FLEEEEING.
 13510 | D:12     | 13510 ||| FLEEEEING.
 13511 | D:12     | 13511 ||| FLEEEEING.
 13512 | D:12     | 13512 ||| FLEEEEING.
 13513 | D:12     | 13513 ||| FLEEEEING.
 13514 | D:12     | 13514 ||| FLEEEEING.
 13515 | D:12     | 13515 ||| FLEEEEING.
 13516 | D:12     | 13516 ||| FLEEEEING.
 13517 | D:12     | 13517 ||| FLEEEEING.
 13518 | D:12     | 13518 ||| FLEEEEING.
 13519 | D:12     | 13519 ||| FLEEEEING.
 13520 | D:12     | 13520 ||| FLEEEEING.
 13521 | D:12     | 13521 ||| FLEEEEING.
 13799 | D:12     | 13799 ||| DROPPING +6 ring of intelligence.
 13831 | D:13     | 13831 ||| INVOKING Heroism.
 13832 | D:13     | 13832 ||| INVOKING Finesse.
 13998 | D:13     | 13998 ||| DRINKING 5 potions of curing.
 13998 | D:13     | 13998 ||| (to cure confusion)
 14110 | D:13     | 14110 ||| INVOKING Heroism.
 14137 | D:13     | Reached XP level 15. HP: 98/98 MP: 22/22
 14325 | D:13     | Found a glowing silver altar of Zin.
 14797 | D:13     | 14797 ||| READING 3 scrolls labelled QETEAD FANUA.
 14798 | D:13     | 14798 ||| DROPPING 2 scrolls of revelation.
 14813 | D:14     | Found the +2 hat of the Bear Spirit {Spirit, Bear, *Rage
                  | Will++}
 14823 | D:14     | 14823 ||| FLEEEEING.
 14824 | D:14     | 14824 ||| FLEEEEING.
 14825 | D:14     | 14825 ||| FLEEEEING.
 14826 | D:14     | 14826 ||| STAIRDANCE
 14930 | D:14     | 14930 ||| STAIRDANCE
 14932 | D:13     | 14932 ||| Stepping ~*~*~tactically~*~*~ (retreating).
 14934 | D:13     | 14934 ||| INVOKING Heroism.
 15012 | D:14     | 15012 ||| STAIRDANCE
 15021 | D:14     | 15021 ||| STAIRDANCE
 15023 | D:13     | 15023 ||| Stepping ~*~*~tactically~*~*~ (retreating).
 15024 | D:13     | 15024 ||| Stepping ~*~*~tactically~*~*~ (retreating).
 15025 | D:13     | 15025 ||| Stepping ~*~*~tactically~*~*~ (retreating).
 15026 | D:13     | 15026 ||| Stepping ~*~*~tactically~*~*~ (retreating).
 15027 | D:13     | 15027 ||| Stepping ~*~*~tactically~*~*~ (retreating).
 15028 | D:13     | 15028 ||| RETREATING.
 15053 | D:14     | 15053 ||| STAIRDANCE
 15055 | D:13     | 15055 ||| Stepping ~*~*~tactically~*~*~ (retreating).
 15056 | D:13     | 15056 ||| INVOKING Heroism.
 15067 | D:13     | Reached skill level 6 in Armour
 15067 | D:13     | HP: 2/98 [white ugly thing (35)]
 15068 | D:13     | 15068 ||| READING 6 scrolls of teleportation.
 15069 | D:13     | 15069 ||| DRINKING 3 potions of heal wounds.
 15070 | D:13     | 15070 ||| DRINKING 2 potions of heal wounds.
 15135 | D:14     | 15135 ||| STAIRDANCE
 15177 | D:14     | 15177 ||| STAIRDANCE
 15193 | D:14     | 15193 ||| STAIRDANCE
 15206 | D:14     | 15206 ||| STAIRDANCE
 15223 | D:14     | 15223 ||| STAIRDANCE
 15249 | D:14     | 15249 ||| STAIRDANCE
 15283 | D:14     | 15283 ||| STAIRDANCE
 15294 | D:14     | 15294 ||| STAIRDANCE
 15579 | D:14     | 15579 ||| INVOKING Finesse.
 15666 | D:14     | 15666 ||| READING scroll of enchant armour.
 15666 | D:14     | 15666 ||| ENCHANTING +0 pair of gloves.
 15846 | D:14     | Found a gate to the Vaults.
 15920 | D:14     | 15920 ||| DROPPING amulet of the acrobat.
 15947 | D:15     | Entered Level 15 of the Dungeon
 15948 | D:15     | 15948 ||| INVOKING Heroism.
 15949 | D:15     | 15949 ||| STAIRDANCE
 15975 | D:15     | 15975 ||| STAIRDANCE
 15983 | D:15     | 15983 ||| STAIRDANCE
 15985 | D:14     | 15985 ||| INVOKING Heroism.
 16042 | D:15     | 16042 ||| STAIRDANCE
 16067 | D:15     | 16067 ||| READING scroll of enchant armour.
 16067 | D:15     | 16067 ||| ENCHANTING +1 pair of gloves.
 16084 | D:15     | 16084 ||| INVOKING Heroism.
 16090 | D:15     | 16090 ||| RETREATING.
 16125 | D:15     | Reached skill level 14 in Fighting
 16167 | D:15     | 16167 ||| Stepping ~*~*~tactically~*~*~ (outnumbered).
 16175 | D:15     | 16175 ||| Stepping ~*~*~tactically~*~*~ (retreating).
 16176 | D:15     | 16176 ||| Stepping ~*~*~tactically~*~*~ (retreating).
 16177 | D:15     | 16177 ||| RETREATING.
 16232 | D:15     | 16232 ||| INVOKING Heroism.
 16324 | D:15     | 16324 ||| INVOKING Heroism.
 16334 | D:15     | Reached skill level 15 in Fighting
 16409 | D:15     | 16409 ||| RETREATING.
 16606 | D:15     | 16606 ||| INVOKING Heroism.
 16613 | D:15     | Reached skill level 9 in Dodging
 16678 | D:15     | 16678 ||| INVOKING Heroism.
 16681 | D:15     | 16681 ||| Stepping ~*~*~tactically~*~*~ (outnumbered).
 16696 | D:15     | Received a gift from Okawaru
 16697 | D:15     | Reached XP level 16. HP: 99/108 MP: 23/23
 16722 | D:15     | 16722 ||| INVOKING Heroism.
 16921 | D:15     | 16921 ||| INVOKING Heroism.
 17045 | D:15     | 17045 ||| RETREATING.
 17065 | D:15     | 17065 ||| INVOKING Heroism.
 17083 | D:15     | 17083 ||| RETREATING.
 17133 | D:15     | Found a staircase to the Depths.
 17139 | D:15     | 17139 ||| PLANNING ORC
 17139 | D:15     | 17139 ||| DROPPING amulet of magic regeneration.
 17140 | D:15     | 17140 ||| READING scroll labelled PAUFRE HUAGIH.
 17141 | D:15     | 17141 ||| READING 6 scrolls of identify.
 17141 | D:15     | 17141 ||| IDENTIFYING viscous orange potion
 17297 | Orc:1    | Entered Level 1 of the Orcish Mines
 17298 | Orc:1    | 17298 ||| STAIRDANCE
 17303 | Orc:1    | 17303 ||| STAIRDANCE
 17322 | Orc:1    | 17322 ||| STAIRDANCE
 17324 | D:9      | 17324 ||| INVOKING Heroism.
 17325 | D:9      | 17325 ||| INVOKING Finesse.
 17585 | Orc:2    | Entered Level 2 of the Orcish Mines
 17585 | Orc:2    | Noticed Azrael
 17586 | Orc:2    | 17586 ||| STAIRDANCE
 17594 | Orc:2    | 17594 ||| STAIRDANCE
 17596 | Orc:1    | 17596 ||| Stepping ~*~*~tactically~*~*~ (retreating).
 17597 | Orc:1    | 17597 ||| Stepping ~*~*~tactically~*~*~ (retreating).
 17598 | Orc:1    | 17598 ||| Stepping ~*~*~tactically~*~*~ (retreating).
 17599 | Orc:1    | 17599 ||| Stepping ~*~*~tactically~*~*~ (retreating).
 17600 | Orc:1    | 17600 ||| INVOKING Heroism.
 17601 | Orc:1    | 17601 ||| INVOKING Finesse.
 17609 | Orc:1    | Killed Azrael
 17714 | Orc:1    | Found Rivuev Mypy's Specific Store.
 17718 | Orc:1    | Found Niwiehaf's General Store.
 17726 | Orc:1    | 17726 ||| BUYING potion of haste (140 gold).
 17726 | Orc:1    | Bought a potion of haste for 140 gold pieces
 18032 | Orc:2    | 18032 ||| RETREATING.
 18035 | Orc:2    | 18035 ||| Stepping ~*~*~tactically~*~*~ (retreating).
 18036 | Orc:2    | 18036 ||| Stepping ~*~*~tactically~*~*~ (retreating).
 18037 | Orc:2    | 18037 ||| Stepping ~*~*~tactically~*~*~ (retreating).
 18038 | Orc:2    | 18038 ||| Stepping ~*~*~tactically~*~*~ (retreating).
 18039 | Orc:2    | 18039 ||| Stepping ~*~*~tactically~*~*~ (retreating).
 18040 | Orc:2    | 18040 ||| INVOKING Heroism.
 18066 | Orc:2    | Reached skill level 16 in Fighting
 18174 | Orc:2    | 18174 ||| INVOKING Heroism.
 18240 | Orc:2    | Found a staircase to the Elven Halls.
 18305 | Orc:2    | Found Yfibb's Armour Shoppe.
 18315 | Orc:2    | 18315 ||| BUYING +2 ring mail "Angurep" {rCorr Int-2
                  | Slay+3} (455 gold).
 18315 | Orc:2    | Bought the +2 ring mail "Angurep" {rCorr Int-2 Slay+3} for
                  | 455 gold pieces
 18330 | Orc:2    | 18330 ||| INVOKING Heroism.
 18332 | Orc:2    | 18332 ||| RETREATING.
 18589 | Orc:2    | 18589 ||| INVOKING Heroism.
 18593 | Orc:2    | 18593 ||| Stepping ~*~*~tactically~*~*~ (outnumbered).
 18597 | Orc:2    | 18597 ||| Stepping ~*~*~tactically~*~*~ (outnumbered).
 18598 | Orc:2    | 18598 ||| Stepping ~*~*~tactically~*~*~ (outnumbered).
 18613 | Orc:2    | 18613 ||| Stepping ~*~*~tactically~*~*~ (outnumbered).
 18684 | Orc:2    | 18684 ||| INVOKING Heroism.
 18706 | Orc:2    | 18706 ||| Stepping ~*~*~tactically~*~*~ (outnumbered).
 18718 | Orc:2    | Found Siofuoh's Weapon Shop.
 18718 | Orc:2    | Found Geyx's Weapon Shoppe.
 18720 | Orc:2    | Found Zoanurri's Antique Armour Shop.
 18720 | Orc:2    | Found Qaxkear's Book Shoppe.
 18728 | Orc:2    | 18728 ||| BUYING embroidered robe (92 gold).
 18728 | Orc:2    | Bought an embroidered robe for 92 gold pieces
 18728 | Orc:2    | 18728 ||| BUYING glowing robe (92 gold).
 18728 | Orc:2    | Bought a glowing robe for 92 gold pieces
 18728 | Orc:2    | 18728 ||| BUYING heavy robe (142 gold).
 18728 | Orc:2    | Bought a heavy robe for 142 gold pieces
 18728 | Orc:2    | Identified the +1 robe of Resonance {rC- MP+9 Str+2} (You
                  | bought it in a shop on level 2 of the Orcish Mines)
 18728 | Orc:2    | 18728 ||| BUYING runed ring mail (175 gold).
 18728 | Orc:2    | Bought a runed ring mail for 175 gold pieces
 18805 | Orc:2    | 18805 ||| RETREATING.
 18808 | Orc:2    | 18808 ||| Stepping ~*~*~tactically~*~*~ (outnumbered).
 18809 | Orc:2    | 18809 ||| Stepping ~*~*~tactically~*~*~ (outnumbered).
 18810 | Orc:2    | 18810 ||| Stepping ~*~*~tactically~*~*~ (outnumbered).
 18811 | Orc:2    | 18811 ||| Stepping ~*~*~tactically~*~*~ (outnumbered).
 18812 | Orc:2    | 18812 ||| Stepping ~*~*~tactically~*~*~ (outnumbered).
 18813 | Orc:2    | 18813 ||| Stepping ~*~*~tactically~*~*~ (outnumbered).
 18814 | Orc:2    | 18814 ||| Stepping ~*~*~tactically~*~*~ (outnumbered).
 18815 | Orc:2    | 18815 ||| Stepping ~*~*~tactically~*~*~ (outnumbered).
 18816 | Orc:2    | 18816 ||| Stepping ~*~*~tactically~*~*~ (outnumbered).
 18817 | Orc:2    | 18817 ||| Stepping ~*~*~tactically~*~*~ (outnumbered).
 18818 | Orc:2    | 18818 ||| Stepping ~*~*~tactically~*~*~ (outnumbered).
 18819 | Orc:2    | 18819 ||| Stepping ~*~*~tactically~*~*~ (outnumbered).
 18820 | Orc:2    | 18820 ||| Stepping ~*~*~tactically~*~*~ (outnumbered).
 18821 | Orc:2    | 18821 ||| Stepping ~*~*~tactically~*~*~ (outnumbered).
 18822 | Orc:2    | 18822 ||| Stepping ~*~*~tactically~*~*~ (outnumbered).
 18823 | Orc:2    | 18823 ||| Stepping ~*~*~tactically~*~*~ (outnumbered).
 18824 | Orc:2    | 18824 ||| Stepping ~*~*~tactically~*~*~ (outnumbered).
 18825 | Orc:2    | 18825 ||| Stepping ~*~*~tactically~*~*~ (outnumbered).
 18826 | Orc:2    | 18826 ||| Stepping ~*~*~tactically~*~*~ (outnumbered).
 18831 | Orc:2    | 18831 ||| INVOKING Heroism.
 18834 | Orc:2    | Reached skill level 17 in Fighting
 18957 | Orc:2    | 18957 ||| INVOKING Heroism.
 18961 | Orc:2    | 18961 ||| RETREATING.
 18969 | Orc:2    | 18969 ||| Stepping ~*~*~tactically~*~*~ (outnumbered).
 18985 | Orc:2    | 18985 ||| Stepping ~*~*~tactically~*~*~ (outnumbered).
 19009 | Orc:2    | 19009 ||| INVOKING Heroism.
 19031 | Orc:2    | 19031 ||| RETREATING.
 19039 | Orc:2    | 19039 ||| Stepping ~*~*~tactically~*~*~ (outnumbered).
 19043 | Orc:2    | 19043 ||| RETREATING.
 19048 | Orc:2    | 19048 ||| Stepping ~*~*~tactically~*~*~ (outnumbered).
 19060 | Orc:2    | 19060 ||| Stepping ~*~*~tactically~*~*~ (outnumbered).
 19091 | Orc:2    | 19091 ||| INVOKING Heroism.
 19094 | Orc:2    | Identified the ring of Icsa {rPois Int+4 Dex+6}
 19161 | Orc:2    | 19161 ||| PLANNING SHOALS:1-3
 19161 | Orc:2    | 19161 ||| UPGRADING to +2 ring mail "Angurep" {rCorr Int-2
                  | Slay+3}.
 19171 | Orc:2    | 19171 ||| DROPPING +0 troll leather armour.
 19172 | Orc:2    | 19172 ||| DROPPING +1 robe of positive energy.
 19173 | Orc:2    | 19173 ||| DROPPING +1 robe of willpower.
 19174 | Orc:2    | 19174 ||| DROPPING +1 robe of Resonance {rC- MP+9 Str+2}.
 19175 | Orc:2    | 19175 ||| UPGRADING to +4 ring mail of cold resistance.
 19185 | Orc:2    | 19185 ||| DROPPING +3 leather armour of poison resistance.
 19186 | Orc:2    | 19186 ||| DROPPING ring of fire.
 19187 | Orc:2    | 19187 ||| UPGRADING to ring of Icsa {rPois Int+4 Dex+6}.
 19189 | Orc:2    | 19189 ||| DROPPING +4 ring of slaying {mikee}.
 19386 | Shoals:1 | Entered Level 1 of the Shoals
 19393 | Shoals:1 | 19393 ||| STAIRDANCE
 19399 | Shoals:1 | 19399 ||| STAIRDANCE
 19434 | Shoals:1 | 19434 ||| INVOKING Heroism.
 19525 | Shoals:1 | 19525 ||| FLEEEEING.
 19526 | Shoals:1 | 19526 ||| FLEEEEING.
 19562 | Shoals:1 | 19562 ||| READING scroll of enchant armour.
 19562 | Shoals:1 | 19562 ||| ENCHANTING +1 pair of boots of flying.
 19577 | Shoals:1 | Identified the +0 robe "Zostaeg" {Dex+3}
 19602 | Shoals:1 | 19602 ||| INVOKING Heroism.
 19605 | Shoals:1 | Reached skill level 9 in Armour
 19607 | Shoals:1 | Noticed Frances
 19608 | Shoals:1 | 19608 ||| INVOKING Finesse.
 19619 | Shoals:1 | 19619 ||| RETREATING.
 19644 | Shoals:1 | Killed Frances
 19673 | Shoals:1 | 19673 ||| FLEEEEING.
 19682 | Shoals:1 | 19682 ||| STAIRDANCE
 19739 | Lair:2   | 19739 ||| DROPPING ring of positive energy.
 19829 | Shoals:1 | 19829 ||| INVOKING Heroism.
 20003 | Shoals:1 | 20003 ||| INVOKING Heroism.
 20042 | Shoals:1 | 20042 ||| Stepping ~*~*~tactically~*~*~ (retreating).
 20113 | Shoals:1 | 20113 ||| READING scroll of enchant armour.
 20113 | Shoals:1 | 20113 ||| ENCHANTING +0 cloak.
 20179 | Shoals:1 | 20179 ||| INVOKING Heroism.
 20180 | Shoals:1 | 20180 ||| INVOKING Finesse.
 20187 | Shoals:1 | Reached XP level 17. HP: 117/117 MP: 16/24
 20245 | Shoals:1 | 20245 ||| Stepping ~*~*~tactically~*~*~ (outnumbered).
 20298 | Shoals:1 | You are sucked into a shaft and drop 1 floor!
 20338 | Shoals:2 | 20338 ||| RETREATING.
 20350 | Shoals:2 | 20350 ||| Stepping ~*~*~tactically~*~*~ (outnumbered).
 20454 | Shoals:2 | 20454 ||| UPGRADING to +5 ring of evasion.
 20456 | Shoals:2 | 20456 ||| DROPPING +4 ring of protection.
 20464 | Shoals:2 | 20464 ||| RETREATING.
 20466 | Shoals:2 | 20466 ||| Stepping ~*~*~tactically~*~*~ (retreating).
 20467 | Shoals:2 | 20467 ||| Stepping ~*~*~tactically~*~*~ (retreating).
 20468 | Shoals:2 | 20468 ||| Stepping ~*~*~tactically~*~*~ (retreating).
 20469 | Shoals:2 | 20469 ||| Stepping ~*~*~tactically~*~*~ (retreating).
 20470 | Shoals:2 | 20470 ||| Stepping ~*~*~tactically~*~*~ (retreating).
 20471 | Shoals:2 | 20471 ||| Stepping ~*~*~tactically~*~*~ (retreating).
 20472 | Shoals:2 | 20472 ||| Stepping ~*~*~tactically~*~*~ (retreating).
 20473 | Shoals:2 | 20473 ||| Stepping ~*~*~tactically~*~*~ (retreating).
 20474 | Shoals:2 | 20474 ||| Stepping ~*~*~tactically~*~*~ (retreating).
 20475 | Shoals:2 | 20475 ||| INVOKING Heroism.
 20635 | Shoals:2 | 20635 ||| INVOKING Heroism.
 21011 | Shoals:2 | Noticed Polyphemus
 21012 | Shoals:2 | 21012 ||| Stepping ~*~*~tactically~*~*~ (retreating).
 21016 | Shoals:2 | 21016 ||| Stepping ~*~*~tactically~*~*~ (outnumbered).
 21019 | Shoals:2 | 21019 ||| RETREATING.
 21022 | Shoals:2 | 21022 ||| INVOKING Heroism.
 21024 | Shoals:2 | 21024 ||| INVOKING Finesse.
 21036 | Shoals:2 | Killed Polyphemus
 21167 | Shoals:2 | 21167 ||| INVOKING Heroism.
 21227 | Shoals:2 | 21227 ||| INVOKING Heroism.
 21256 | Shoals:2 | 21256 ||| Stepping ~*~*~tactically~*~*~ (outnumbered).
 21260 | Shoals:2 | 21260 ||| Stepping ~*~*~tactically~*~*~ (outnumbered).
 21262 | Shoals:2 | 21262 ||| Stepping ~*~*~tactically~*~*~ (outnumbered).
 21263 | Shoals:2 | 21263 ||| Stepping ~*~*~tactically~*~*~ (outnumbered).
 21265 | Shoals:2 | 21265 ||| RETREATING.
 21319 | Shoals:2 | 21319 ||| Stepping ~*~*~tactically~*~*~ (outnumbered).
 21320 | Shoals:2 | 21320 ||| Stepping ~*~*~tactically~*~*~ (outnumbered).
 21321 | Shoals:2 | 21321 ||| Stepping ~*~*~tactically~*~*~ (outnumbered).
 21322 | Shoals:2 | 21322 ||| Stepping ~*~*~tactically~*~*~ (outnumbered).
 21323 | Shoals:2 | 21323 ||| Stepping ~*~*~tactically~*~*~ (outnumbered).
 21327 | Shoals:2 | 21327 ||| Stepping ~*~*~tactically~*~*~ (outnumbered).
 21328 | Shoals:2 | 21328 ||| Stepping ~*~*~tactically~*~*~ (outnumbered).
 21333 | Shoals:2 | Reached skill level 18 in Fighting
 21357 | Shoals:2 | 21357 ||| Stepping ~*~*~tactically~*~*~ (outnumbered).
 21358 | Shoals:2 | 21358 ||| INVOKING Heroism.
 21412 | Shoals:2 | 21412 ||| INVOKING Heroism.
 21413 | Shoals:2 | 21413 ||| INVOKING Finesse.
 21510 | Shoals:2 | 21510 ||| READING scroll of enchant armour.
 21510 | Shoals:2 | 21510 ||| ENCHANTING +1 cloak.
 21885 | Shoals:3 | 21885 ||| INVOKING Heroism.
 21887 | Shoals:3 | 21887 ||| STAIRDANCE
 22024 | Shoals:3 | Noticed a kraken
 22054 | Shoals:3 | Killed a kraken
 22126 | Shoals:3 | 22126 ||| Stepping ~*~*~tactically~*~*~ (outnumbered).
 22127 | Shoals:3 | 22127 ||| Stepping ~*~*~tactically~*~*~ (outnumbered).
 22128 | Shoals:3 | 22128 ||| Stepping ~*~*~tactically~*~*~ (outnumbered).
 22220 | Shoals:3 | 22220 ||| Stepping ~*~*~tactically~*~*~ (outnumbered).
 22222 | Shoals:3 | 22222 ||| Stepping ~*~*~tactically~*~*~ (outnumbered).
 22225 | Shoals:3 | 22225 ||| Stepping ~*~*~tactically~*~*~ (outnumbered).
 22228 | Shoals:3 | 22228 ||| Stepping ~*~*~tactically~*~*~ (outnumbered).
 22229 | Shoals:3 | 22229 ||| INVOKING Heroism.
 22230 | Shoals:3 | 22230 ||| Stepping ~*~*~tactically~*~*~ (outnumbered).
 22230 | Shoals:3 | Noticed Ilsuiw
 22231 | Shoals:3 | 22231 ||| Stepping ~*~*~tactically~*~*~ (outnumbered).
 22232 | Shoals:3 | 22232 ||| INVOKING Finesse.
 22295 | Shoals:3 | 22295 ||| FLEEEEING.
 22296 | Shoals:3 | 22296 ||| FLEEEEING.
 22297 | Shoals:3 | 22297 ||| FLEEEEING.
 22298 | Shoals:3 | 22298 ||| FLEEEEING.
 22299 | Shoals:3 | 22299 ||| FLEEEEING.
 22300 | Shoals:3 | 22300 ||| FLEEEEING.
 22301 | Shoals:3 | 22301 ||| FLEEEEING.
 22305 | Shoals:3 | 22305 ||| FLEEEEING.
 22306 | Shoals:3 | 22306 ||| INVOKING Heroism.
 22315 | Shoals:3 | 22315 ||| FLEEEEING.
 22316 | Shoals:3 | 22316 ||| FLEEEEING.
 22317 | Shoals:3 | 22317 ||| FLEEEEING.
 22318 | Shoals:3 | 22318 ||| STAIRDANCE
 22506 | Shoals:3 | 22506 ||| STAIRDANCE
 22550 | Shoals:3 | 22550 ||| INVOKING Heroism.
 22551 | Shoals:3 | 22551 ||| RETREATING.
 22554 | Shoals:3 | 22554 ||| INVOKING Finesse.
 22572 | Shoals:3 | Killed Ilsuiw
 22797 | Shoals:3 | 22797 ||| INVOKING Heroism.
 22798 | Shoals:3 | 22798 ||| INVOKING Finesse.
 22801 | Shoals:3 | Reached skill level 19 in Fighting
 22830 | Shoals:3 | 22830 ||| UPGRADING to +2 helmet.
 22847 | Shoals:3 | 22847 ||| FLEEEEING.
 22892 | Shoals:3 | 22892 ||| Stepping ~*~*~tactically~*~*~ (outnumbered).
 22893 | Shoals:3 | 22893 ||| Stepping ~*~*~tactically~*~*~ (outnumbered).
 22894 | Shoals:3 | 22894 ||| Stepping ~*~*~tactically~*~*~ (outnumbered).
 22922 | Shoals:3 | 22922 ||| INVOKING Heroism.
 23326 | Shoals:3 | 23326 ||| PLANNING SNAKE:1-3
 23453 | Snake:1  | Entered Level 1 of the Snake Pit
 23463 | Snake:1  | Noticed Rupert
 23464 | Snake:1  | 23464 ||| INVOKING Heroism.
 23465 | Snake:1  | 23465 ||| INVOKING Finesse.
 23471 | Snake:1  | Killed Rupert
 23526 | Snake:1  | 23526 ||| RETREATING.
 23528 | Snake:1  | 23528 ||| RETREATING.
 23531 | Snake:1  | 23531 ||| Stepping ~*~*~tactically~*~*~ (retreating).
 23532 | Snake:1  | 23532 ||| Stepping ~*~*~tactically~*~*~ (retreating).
 23533 | Snake:1  | 23533 ||| Stepping ~*~*~tactically~*~*~ (retreating).
 23541 | Snake:1  | Reached XP level 18. HP: 118/128 MP: 25/25
 23543 | Snake:1  | Reached skill level 12 in Armour
 23543 | Snake:1  | 23543 ||| Stepping ~*~*~tactically~*~*~ (outnumbered).
 23544 | Snake:1  | 23544 ||| Stepping ~*~*~tactically~*~*~ (retreating).
 23545 | Snake:1  | 23545 ||| Stepping ~*~*~tactically~*~*~ (retreating).
 23546 | Snake:1  | 23546 ||| Stepping ~*~*~tactically~*~*~ (retreating).
 23559 | Snake:1  | 23559 ||| INVOKING Heroism.
 23561 | Snake:1  | 23561 ||| Stepping ~*~*~tactically~*~*~ (retreating).
 23567 | Snake:1  | HP: 22/128 [naga warrior/+0 trident (17)]
 23568 | Snake:1  | 23568 ||| READING 6 scrolls of teleportation.
 23569 | Snake:1  | 23569 ||| DRINKING 2 potions of heal wounds.
 23570 | Snake:1  | 23570 ||| DRINKING potion of heal wounds.
 23572 | Snake:1  | HP: 9/128 [anaconda[a naga ritualist] (8)]
 23574 | Snake:1  | 23574 ||| READING 5 scrolls of teleportation.
 23599 | Snake:1  | 23599 ||| INVOKING Heroism.
 23600 | Snake:1  | 23600 ||| READING 4 scrolls of teleportation.
 23602 | Snake:1  | HP: 20/128 [constriction (1)]
 23603 | Snake:1  | HP: 8/128 [anaconda (12)]
 23953 | Snake:1  | Identified the +5 flail of Offence {elec, *Rage rPois Dex+3
                  | SInv}
 23966 | Snake:1  | 23966 ||| Stepping ~*~*~tactically~*~*~ (outnumbered).
 23986 | Snake:1  | 23986 ||| RETREATING.
 23988 | Snake:1  | 23988 ||| Stepping ~*~*~tactically~*~*~ (outnumbered).
 23992 | Snake:1  | 23992 ||| Stepping ~*~*~tactically~*~*~ (retreating).
 24061 | Snake:1  | 24061 ||| Stepping ~*~*~tactically~*~*~ (outnumbered).
 24062 | Snake:1  | 24062 ||| Stepping ~*~*~tactically~*~*~ (outnumbered).
 24119 | Snake:1  | 24119 ||| Stepping ~*~*~tactically~*~*~ (outnumbered).
 24331 | Snake:1  | 24331 ||| Stepping ~*~*~tactically~*~*~ (outnumbered).
 24333 | Snake:1  | 24333 ||| Stepping ~*~*~tactically~*~*~ (outnumbered).
 24335 | Snake:1  | 24335 ||| Stepping ~*~*~tactically~*~*~ (outnumbered).
 24337 | Snake:1  | 24337 ||| Stepping ~*~*~tactically~*~*~ (outnumbered).
 24340 | Snake:1  | 24340 ||| INVOKING Heroism.
 24342 | Snake:1  | 24342 ||| Stepping ~*~*~tactically~*~*~ (outnumbered).
 24356 | Snake:1  | Reached skill level 12 in Dodging
 24392 | Snake:1  | Received a gift from Okawaru
 24408 | Snake:1  | Noticed Josephine
 24414 | Snake:1  | Killed Josephine
 24428 | Snake:1  | 24428 ||| RETREATING.
 24508 | Snake:1  | Noticed Aizul
 24509 | Snake:1  | 24509 ||| INVOKING Heroism.
 24511 | Snake:1  | 24511 ||| INVOKING Finesse.
 24517 | Snake:1  | Killed Aizul
 24668 | Snake:1  | Noticed Donald
 24669 | Snake:1  | 24669 ||| INVOKING Heroism.
 24681 | Snake:1  | Killed Donald
 25009 | Snake:1  | 25009 ||| UPGRADING to amulet of faith.
 25061 | Snake:2  | 25061 ||| Stepping ~*~*~tactically~*~*~ (outnumbered).
 25062 | Snake:2  | 25062 ||| Stepping ~*~*~tactically~*~*~ (outnumbered).
 25071 | Snake:2  | 25071 ||| Stepping ~*~*~tactically~*~*~ (outnumbered).
 25584 | Snake:2  | 25584 ||| Stepping ~*~*~tactically~*~*~ (outnumbered).
 25592 | Snake:2  | 25592 ||| INVOKING Heroism.
 25593 | Snake:2  | 25593 ||| Stepping ~*~*~tactically~*~*~ (outnumbered).
 25596 | Snake:2  | 25596 ||| Stepping ~*~*~tactically~*~*~ (outnumbered).
 26037 | Snake:3  | 26037 ||| RETREATING.
 26038 | Snake:3  | 26038 ||| Stepping ~*~*~tactically~*~*~ (outnumbered).
 26039 | Snake:3  | 26039 ||| Stepping ~*~*~tactically~*~*~ (outnumbered).
 26052 | Snake:3  | 26052 ||| INVOKING Heroism.
 26393 | Snake:3  | 26393 ||| INVOKING Heroism.
 26568 | Snake:3  | Received a gift from Okawaru
 26594 | Snake:3  | 26594 ||| Stepping ~*~*~tactically~*~*~ (outnumbered).
 26648 | Snake:3  | 26648 ||| INVOKING Heroism.
 26650 | Snake:3  | 26650 ||| RETREATING.
 26994 | Snake:3  | Reached skill level 20 in Fighting
 27039 | Snake:3  | 27039 ||| Stepping ~*~*~tactically~*~*~ (outnumbered).
 27047 | Snake:3  | 27047 ||| Stepping ~*~*~tactically~*~*~ (retreating).
 27049 | Snake:3  | 27049 ||| Stepping ~*~*~tactically~*~*~ (retreating).
 27148 | Snake:3  | 27148 ||| PLANNING SHOALS:4
 27320 | Shoals:4 | Entered Level 4 of the Shoals
 27373 | Shoals:4 | 27373 ||| Stepping ~*~*~tactically~*~*~ (outnumbered).
 27447 | Shoals:4 | Found a white marble altar of Elyvilon.
 27448 | Shoals:4 | 27448 ||| RETREATING.
 27451 | Shoals:4 | 27451 ||| INVOKING Heroism.
 27452 | Shoals:4 | 27452 ||| INVOKING Finesse.
 27455 | Shoals:4 | 27455 ||| Stepping ~*~*~tactically~*~*~ (outnumbered).
 27456 | Shoals:4 | 27456 ||| RETREATING.
 27465 | Shoals:4 | 27465 ||| Stepping ~*~*~tactically~*~*~ (outnumbered).
 27466 | Shoals:4 | 27466 ||| RETREATING.
 27467 | Shoals:4 | 27467 ||| Stepping ~*~*~tactically~*~*~ (outnumbered).
 27468 | Shoals:4 | 27468 ||| Stepping ~*~*~tactically~*~*~ (outnumbered).
 27577 | Shoals:4 | Identified the +1 helmet of the Wereyak {Int+6} (Okawaru
                  | gifted it to you on level 4 of the Shoals)
 27577 | Shoals:4 | Received a gift from Okawaru
 27581 | Shoals:4 | 27581 ||| INVOKING Heroism.
 27640 | Shoals:4 | Found the ring of Shadows {Umbra +Inv Stlth+}
 27651 | Shoals:4 | Got a barnacled rune of Zot
 27672 | Shoals:4 | 27672 ||| DROPPING +1 helmet of the Wereyak {Int+6}.
 27874 | Shoals:4 | Reached XP level 19. HP: 135/135 MP: 26/26
 28000 | Shoals:4 | Found a glowing silver altar of Zin.
 28001 | Shoals:4 | 28001 ||| Stepping ~*~*~tactically~*~*~ (outnumbered).
 28003 | Shoals:4 | 28003 ||| Stepping ~*~*~tactically~*~*~ (outnumbered).
 28005 | Shoals:4 | 28005 ||| INVOKING Heroism.
 28007 | Shoals:4 | 28007 ||| Stepping ~*~*~tactically~*~*~ (retreating).
 28008 | Shoals:4 | 28008 ||| INVOKING Finesse.
 28019 | Shoals:4 | 28019 ||| Stepping ~*~*~tactically~*~*~ (outnumbered).
 28020 | Shoals:4 | 28020 ||| Stepping ~*~*~tactically~*~*~ (retreating).
 28033 | Shoals:4 | 28033 ||| Stepping ~*~*~tactically~*~*~ (outnumbered).
 28034 | Shoals:4 | 28034 ||| Stepping ~*~*~tactically~*~*~ (outnumbered).
 28079 | Shoals:4 | 28079 ||| Stepping ~*~*~tactically~*~*~ (cloud).
 28229 | Shoals:4 | Found a glowing golden altar of the Shining One.
 28231 | Shoals:4 | 28231 ||| INVOKING Heroism.
 28235 | Shoals:4 | 28235 ||| INVOKING Finesse.
 28281 | Shoals:4 | 28281 ||| Stepping ~*~*~tactically~*~*~ (outnumbered).
 28282 | Shoals:4 | 28282 ||| Stepping ~*~*~tactically~*~*~ (retreating).
 28288 | Shoals:4 | 28288 ||| Stepping ~*~*~tactically~*~*~ (outnumbered).
 28289 | Shoals:4 | 28289 ||| Stepping ~*~*~tactically~*~*~ (retreating).
 28290 | Shoals:4 | 28290 ||| INVOKING Heroism.
 28458 | Shoals:4 | 28458 ||| PLANNING VAULTS:1-4
 28458 | Shoals:4 | 28458 ||| UPGRADING to +1 pair of gloves of dexterity.
 28468 | Shoals:4 | 28468 ||| DROPPING +2 pair of gloves.
 28726 | Vaults:1 | Entered Level 1 of the Vaults
 28830 | Vaults:1 | 28830 ||| FLEEEEING.
 28831 | Vaults:1 | 28831 ||| FLEEEEING.
 28837 | Vaults:1 | 28837 ||| FLEEEEING.
 28838 | Vaults:1 | 28838 ||| FLEEEEING.
 28839 | Vaults:1 | 28839 ||| FLEEEEING.
 28840 | Vaults:1 | 28840 ||| FLEEEEING.
 28841 | Vaults:1 | 28841 ||| FLEEEEING.
 28842 | Vaults:1 | 28842 ||| FLEEEEING.
 28843 | Vaults:1 | 28843 ||| FLEEEEING.
 28844 | Vaults:1 | 28844 ||| FLEEEEING.
 28851 | Vaults:1 | 28851 ||| FLEEEEING.
 28852 | Vaults:1 | 28852 ||| FLEEEEING.
 28853 | Vaults:1 | 28853 ||| FLEEEEING.
 28859 | Vaults:1 | 28859 ||| FLEEEEING.
 28860 | Vaults:1 | 28860 ||| FLEEEEING.
 28872 | Vaults:1 | 28872 ||| Stepping ~*~*~tactically~*~*~ (outnumbered).
 28874 | Vaults:1 | 28874 ||| Stepping ~*~*~tactically~*~*~ (outnumbered).
 28876 | Vaults:1 | 28876 ||| Stepping ~*~*~tactically~*~*~ (retreating).
 28877 | Vaults:1 | 28877 ||| Stepping ~*~*~tactically~*~*~ (retreating).
 28878 | Vaults:1 | 28878 ||| Stepping ~*~*~tactically~*~*~ (retreating).
 28879 | Vaults:1 | 28879 ||| Stepping ~*~*~tactically~*~*~ (retreating).
 28880 | Vaults:1 | 28880 ||| RETREATING.
 28882 | Vaults:1 | 28882 ||| Stepping ~*~*~tactically~*~*~ (outnumbered).
 28905 | Vaults:1 | 28905 ||| Stepping ~*~*~tactically~*~*~ (retreating).
 28906 | Vaults:1 | 28906 ||| Stepping ~*~*~tactically~*~*~ (retreating).
 28907 | Vaults:1 | 28907 ||| Stepping ~*~*~tactically~*~*~ (retreating).
 28908 | Vaults:1 | 28908 ||| Stepping ~*~*~tactically~*~*~ (retreating).
 28909 | Vaults:1 | 28909 ||| Stepping ~*~*~tactically~*~*~ (retreating).
 28910 | Vaults:1 | 28910 ||| Stepping ~*~*~tactically~*~*~ (retreating).
 28911 | Vaults:1 | 28911 ||| Stepping ~*~*~tactically~*~*~ (retreating).
 28912 | Vaults:1 | 28912 ||| Stepping ~*~*~tactically~*~*~ (retreating).
 28922 | Vaults:1 | 28922 ||| INVOKING Heroism.
 28958 | Vaults:1 | 28958 ||| Stepping ~*~*~tactically~*~*~ (outnumbered).
 28959 | Vaults:1 | 28959 ||| Stepping ~*~*~tactically~*~*~ (outnumbered).
 28960 | Vaults:1 | 28960 ||| Stepping ~*~*~tactically~*~*~ (outnumbered).
 28961 | Vaults:1 | 28961 ||| Stepping ~*~*~tactically~*~*~ (outnumbered).
 28962 | Vaults:1 | 28962 ||| Stepping ~*~*~tactically~*~*~ (outnumbered).
 28963 | Vaults:1 | 28963 ||| Stepping ~*~*~tactically~*~*~ (outnumbered).
 28964 | Vaults:1 | 28964 ||| Stepping ~*~*~tactically~*~*~ (outnumbered).
 28965 | Vaults:1 | 28965 ||| INVOKING Heroism.
 28966 | Vaults:1 | 28966 ||| Stepping ~*~*~tactically~*~*~ (outnumbered).
 28967 | Vaults:1 | 28967 ||| Stepping ~*~*~tactically~*~*~ (outnumbered).
 28968 | Vaults:1 | 28968 ||| Stepping ~*~*~tactically~*~*~ (outnumbered).
 28969 | Vaults:1 | 28969 ||| Stepping ~*~*~tactically~*~*~ (outnumbered).
 28970 | Vaults:1 | 28970 ||| Stepping ~*~*~tactically~*~*~ (outnumbered).
 28971 | Vaults:1 | 28971 ||| Stepping ~*~*~tactically~*~*~ (outnumbered).
 28972 | Vaults:1 | 28972 ||| Stepping ~*~*~tactically~*~*~ (outnumbered).
 28973 | Vaults:1 | 28973 ||| Stepping ~*~*~tactically~*~*~ (outnumbered).
 29261 | Vaults:1 | 29261 ||| Stepping ~*~*~tactically~*~*~ (outnumbered).
 29265 | Vaults:1 | 29265 ||| Stepping ~*~*~tactically~*~*~ (outnumbered).
 29268 | Vaults:1 | 29268 ||| Stepping ~*~*~tactically~*~*~ (outnumbered).
 29303 | Vaults:1 | 29303 ||| Stepping ~*~*~tactically~*~*~ (retreating).
 29304 | Vaults:1 | 29304 ||| Stepping ~*~*~tactically~*~*~ (retreating).
 29321 | Vaults:1 | 29321 ||| INVOKING Heroism.
 29495 | Vaults:1 | 29495 ||| FLEEEEING.
 29500 | Vaults:1 | 29500 ||| FLEEEEING.
 29501 | Vaults:1 | 29501 ||| FLEEEEING.
 29502 | Vaults:1 | 29502 ||| FLEEEEING.
 29503 | Vaults:1 | 29503 ||| FLEEEEING.
 29504 | Vaults:1 | 29504 ||| FLEEEEING.
 29505 | Vaults:1 | 29505 ||| FLEEEEING.
 29511 | Vaults:1 | 29511 ||| FLEEEEING.
 29512 | Vaults:1 | 29512 ||| FLEEEEING.
 29513 | Vaults:1 | 29513 ||| FLEEEEING.
 29514 | Vaults:1 | 29514 ||| FLEEEEING.
 29515 | Vaults:1 | 29515 ||| FLEEEEING.
 29516 | Vaults:1 | 29516 ||| FLEEEEING.
 29517 | Vaults:1 | 29517 ||| FLEEEEING.
 29518 | Vaults:1 | 29518 ||| FLEEEEING.
 29519 | Vaults:1 | 29519 ||| FLEEEEING.
 29520 | Vaults:1 | 29520 ||| FLEEEEING.
 29521 | Vaults:1 | 29521 ||| FLEEEEING.
 29522 | Vaults:1 | 29522 ||| FLEEEEING.
 29523 | Vaults:1 | 29523 ||| FLEEEEING.
 29524 | Vaults:1 | 29524 ||| FLEEEEING.
 29525 | Vaults:1 | 29525 ||| FLEEEEING.
 29526 | Vaults:1 | 29526 ||| FLEEEEING.
 29527 | Vaults:1 | 29527 ||| FLEEEEING.
 29528 | Vaults:1 | 29528 ||| FLEEEEING.
 29529 | Vaults:1 | 29529 ||| FLEEEEING.
 29530 | Vaults:1 | 29530 ||| FLEEEEING.
 29531 | Vaults:1 | 29531 ||| FLEEEEING.
 29532 | Vaults:1 | 29532 ||| FLEEEEING.
 29533 | Vaults:1 | 29533 ||| FLEEEEING.
 29534 | Vaults:1 | 29534 ||| FLEEEEING.
 29535 | Vaults:1 | 29535 ||| FLEEEEING.
 29536 | Vaults:1 | 29536 ||| FLEEEEING.
 29537 | Vaults:1 | 29537 ||| FLEEEEING.
 29538 | Vaults:1 | 29538 ||| FLEEEEING.
 29539 | Vaults:1 | 29539 ||| FLEEEEING.
 29550 | Vaults:1 | 29550 ||| FLEEEEING.
 29551 | Vaults:1 | 29551 ||| FLEEEEING.
 29552 | Vaults:1 | 29552 ||| FLEEEEING.
 29553 | Vaults:1 | 29553 ||| FLEEEEING.
 29564 | Vaults:1 | 29564 ||| FLEEEEING.
 29565 | Vaults:1 | 29565 ||| FLEEEEING.
 29566 | Vaults:1 | 29566 ||| FLEEEEING.
 29573 | Vaults:1 | 29573 ||| STAIRDANCE
 29681 | Vaults:1 | 29681 ||| STAIRDANCE
 30026 | Vaults:1 | 30026 ||| Stepping ~*~*~tactically~*~*~ (outnumbered).
 30027 | Vaults:1 | 30027 ||| Stepping ~*~*~tactically~*~*~ (outnumbered).
 30033 | Vaults:1 | 30033 ||| Stepping ~*~*~tactically~*~*~ (outnumbered).
 30034 | Vaults:1 | 30034 ||| Stepping ~*~*~tactically~*~*~ (outnumbered).
 30035 | Vaults:1 | 30035 ||| Stepping ~*~*~tactically~*~*~ (outnumbered).
 30036 | Vaults:1 | 30036 ||| Stepping ~*~*~tactically~*~*~ (outnumbered).
 30037 | Vaults:1 | 30037 ||| Stepping ~*~*~tactically~*~*~ (outnumbered).
 30038 | Vaults:1 | 30038 ||| Stepping ~*~*~tactically~*~*~ (outnumbered).
 30039 | Vaults:1 | 30039 ||| Stepping ~*~*~tactically~*~*~ (outnumbered).
 30040 | Vaults:1 | 30040 ||| Stepping ~*~*~tactically~*~*~ (outnumbered).
 30041 | Vaults:1 | 30041 ||| Stepping ~*~*~tactically~*~*~ (outnumbered).
 30043 | Vaults:1 | 30043 ||| Stepping ~*~*~tactically~*~*~ (outnumbered).
 30044 | Vaults:1 | 30044 ||| Stepping ~*~*~tactically~*~*~ (outnumbered).
 30045 | Vaults:1 | 30045 ||| Stepping ~*~*~tactically~*~*~ (outnumbered).
 30046 | Vaults:1 | 30046 ||| Stepping ~*~*~tactically~*~*~ (outnumbered).
 30047 | Vaults:1 | 30047 ||| Stepping ~*~*~tactically~*~*~ (outnumbered).
 30048 | Vaults:1 | 30048 ||| Stepping ~*~*~tactically~*~*~ (outnumbered).
 30049 | Vaults:1 | 30049 ||| Stepping ~*~*~tactically~*~*~ (outnumbered).
 30050 | Vaults:1 | 30050 ||| Stepping ~*~*~tactically~*~*~ (outnumbered).
 30051 | Vaults:1 | 30051 ||| Stepping ~*~*~tactically~*~*~ (outnumbered).
 30052 | Vaults:1 | 30052 ||| Stepping ~*~*~tactically~*~*~ (outnumbered).
 30053 | Vaults:1 | 30053 ||| Stepping ~*~*~tactically~*~*~ (outnumbered).
 30054 | Vaults:1 | 30054 ||| Stepping ~*~*~tactically~*~*~ (outnumbered).
 30055 | Vaults:1 | 30055 ||| Stepping ~*~*~tactically~*~*~ (outnumbered).
 30056 | Vaults:1 | 30056 ||| Stepping ~*~*~tactically~*~*~ (outnumbered).
 30057 | Vaults:1 | 30057 ||| Stepping ~*~*~tactically~*~*~ (outnumbered).
 30059 | Vaults:1 | 30059 ||| Stepping ~*~*~tactically~*~*~ (outnumbered).
 30060 | Vaults:1 | 30060 ||| Stepping ~*~*~tactically~*~*~ (outnumbered).
 30061 | Vaults:1 | 30061 ||| Stepping ~*~*~tactically~*~*~ (outnumbered).
 30062 | Vaults:1 | 30062 ||| Stepping ~*~*~tactically~*~*~ (outnumbered).
 30151 | Vaults:1 | Found Mavoll's General Store.
 30154 | Vaults:1 | Noticed Nikola
 30155 | Vaults:1 | 30155 ||| INVOKING Heroism.
 30161 | Vaults:1 | Killed Nikola
 30171 | Vaults:1 | 30171 ||| BUYING potion of curing (36 gold).
 30171 | Vaults:1 | Bought a potion of curing for 36 gold pieces
 30171 | Vaults:1 | 30171 ||| BUYING scroll of enchant weapon (90 gold).
 30171 | Vaults:1 | Bought a scroll of enchant weapon for 90 gold pieces
 30171 | Vaults:1 | 30171 ||| READING scroll of enchant weapon.
 30171 | Vaults:1 | 30171 ||| ENCHANTING +1 longbow of flaming.
 30185 | Vaults:1 | Found a transporter.
 30224 | Vaults:1 | Found a transporter.
 30235 | Vaults:1 | 30235 ||| READING scroll of enchant armour.
 30235 | Vaults:1 | 30235 ||| ENCHANTING +1 pair of gloves of dexterity.
 30268 | Vaults:1 | 30268 ||| RETREATING.
 30278 | Vaults:1 | Reached skill level 21 in Fighting
 30357 | Vaults:1 | Received a gift from Okawaru
 30382 | Vaults:1 | 30382 ||| DROPPING +2 heavy arbalest.
 30407 | Vaults:1 | 30407 ||| FLEEEEING.
 30408 | Vaults:1 | 30408 ||| FLEEEEING.
 30409 | Vaults:1 | 30409 ||| FLEEEEING.
 30410 | Vaults:1 | 30410 ||| FLEEEEING.
 30411 | Vaults:1 | 30411 ||| FLEEEEING.
 30412 | Vaults:1 | 30412 ||| FLEEEEING.
 30413 | Vaults:1 | 30413 ||| FLEEEEING.
 30414 | Vaults:1 | 30414 ||| FLEEEEING.
 30420 | Vaults:1 | 30420 ||| FLEEEEING.
 30421 | Vaults:1 | 30421 ||| FLEEEEING.
 30422 | Vaults:1 | 30422 ||| FLEEEEING.
 30423 | Vaults:1 | 30423 ||| FLEEEEING.
 30424 | Vaults:1 | 30424 ||| FLEEEEING.
 30425 | Vaults:1 | 30425 ||| FLEEEEING.
 30436 | Vaults:1 | Paralysed by a sphinx for 2 turns
 30882 | Vaults:2 | 30882 ||| STAIRDANCE
 30992 | Vaults:2 | 30992 ||| STAIRDANCE
 30994 | Vaults:1 | 30994 ||| Stepping ~*~*~tactically~*~*~ (retreating).
 30995 | Vaults:1 | 30995 ||| Stepping ~*~*~tactically~*~*~ (retreating).
 30996 | Vaults:1 | 30996 ||| Stepping ~*~*~tactically~*~*~ (retreating).
 30997 | Vaults:1 | 30997 ||| Stepping ~*~*~tactically~*~*~ (retreating).
 30998 | Vaults:1 | 30998 ||| Stepping ~*~*~tactically~*~*~ (retreating).
 30999 | Vaults:1 | 30999 ||| Stepping ~*~*~tactically~*~*~ (retreating).
 31000 | Vaults:1 | 31000 ||| Stepping ~*~*~tactically~*~*~ (retreating).
 31001 | Vaults:1 | 31001 ||| Stepping ~*~*~tactically~*~*~ (retreating).
 31002 | Vaults:1 | 31002 ||| Stepping ~*~*~tactically~*~*~ (retreating).
 31003 | Vaults:1 | 31003 ||| INVOKING Heroism.
 31004 | Vaults:1 | 31004 ||| INVOKING Finesse.
 31073 | Vaults:1 | HP: 21/137 [orc knight/+0 battleaxe[a boggart] (17)]
 31074 | Vaults:1 | 31074 ||| READING 4 scrolls of teleportation.
 31074 | Vaults:1 | HP: 9/137 [orc knight/+0 battleaxe[a boggart] (13)]
 31077 | Vaults:1 | HP: 4/137 [dire elephant[a boggart] (5)]
 31077 | Vaults:1 | Killed from afar by an ironbound frostheart

Levels and vault maps discovered:
D:1:      mrwooster_arrival_statue_2, layout_loops_ring,
          shapermc_ecumenical_altar_mp_vishouse, serial_forest,
          infiniplex_forest_3_way, infiniplex_forest_straight_2,
          infiniplex_forest_lined_room_2, infiniplex_forest_straight_4,
          infiniplex_forest_zigzag_2, infiniplex_forest_zigzag_1,
          infiniplex_forest_lined_2, infiniplex_forest_straight_4,
          kennysheep_minor_cross
D:2:      layout_basic
D:3:      layout_loops_ring, xom_confusion_cloud, chequers_serial_rivers_small_3
D:4:      layout_cave_pools, led_sif_pool, gammafunk_temple_overflow_wave,
          minmay_temple_entry_junction_2, serial_shops, shop,
          nicolae_shop_industrial_runoff, shop, patterned_corridor
D:5:      layout_basic, good_gods_mini_temple, kennysheep_little_box,
          vehumet_altar_wand_db, lemuel_flame_loot_1, uniq_sigmund, uniq_grinder
D:6:      layout_cave_pods, nicolae_qazlal_eye_of_the_storm, serial_shops, shop,
          nicolae_shop_behind_doors, shop, shop, amethyst_killhole
D:7:      layout_rooms, makhleb_grotto_becter, uniq_duvessa, uniq_prince_ribbit1
D:8:      layout_loops_ring, okawaru_trees_2, uniq_amaemon
D:9:      layout_rooms, kennysheep_orc_monster_closet_entryway, uniq_harold
D:10:     layout_long_grid, lair_entry_dummy, nicolae_hexahallways,
          uniq_maurice, uniq_sonja, uniq_joseph, uniq_urug
D:11:     layout_loops_ring, serial_aquarium, aquarium_bridge_square
          [aquarium_subvault_bridge, aquarium_subvault_bridge,
          aquarium_subvault_wall, aquarium_subvault_bridge],
          aquarium_bridge_straight [aquarium_subvault_bridge,
          aquarium_subvault_window, aquarium_subvault_bridge,
          aquarium_subvault_wall], aquarium_window_fake, aquarium_window_1,
          aquarium_window_1, aquarium_window_corridor_3, aquarium_view_2b,
          aquarium_balcony_3b, aquarium_pool_2
D:12:     layout_basic
D:13:     layout_stronghold, zin_scriptorium
D:14:     layout_long_grid, ximxim_vaults_locker_room,
          hangedman_abyss_or_decor_stagger
D:15:     gammafunk_enter_depths_forms, layout_stronghold, serial_undead,
          serial_undead_f, serial_undead_e, serial_undead_e, serial_undead_a,
          serial_undead_a, serial_undead_f, serial_undead_a
Temple:   chequers_temple_sunken
Lair:1:   gammafunk_boulding_lane, layout_cave_shapes, uniq_jeremiah, uniq_erica
Lair:2:   layout_chaotic_city, elwin_shoals_entry_rooms,
          nicolae_snake_entry_warm_welcome, st_stairs_13, grunt_megastairs_3
Lair:3:   layout_hall_layers, kennysheep_rathole, uniq_nessos, uniq_kirke
Lair:4:   layout_loops_ring
Lair:5:   minmay_lair_end_enchanted_forest, layout_gridlike,
          dpeg_slime_entry_enclosed, ebering_ghost_reflecting_pool
Shoals:1: layout_shoals, nicolae_shoals_shepherds, uniq_frances
Shoals:2: layout_shoals, nicolae_shoals_isolated_beach, uniq_polyphemus
Shoals:3: layout_shoals, uniq_ilsuiw
Shoals:4: shoals_end_hellmonk_holy_island, serial_shops
Snake:1:  layout_basic, minmay_snake_pond, uniq_donald, uniq_josephine,
          uniq_rupert, uniq_aizul
Snake:2:  layout_chambers
Snake:3:  layout_cave_shapes, nicolae_snake_snakewalk
Orc:1:    layout_caves, nicolae_specific_store, nicolae_orc_lost_temple
Orc:2:    grunt_orc_tribal_feast, layout_diamond_mine, serial_shops, shop,
          minmay_orc_treasury, uniq_azrael
Vaults:1: v_misc_30, gammafunk_sealed_arena, v_misc_23, vaults_mumra_hex,
          nicolae_vaults_doubleplus_tesselated, nicolae_vaults_sealed_display,
          ontoclasm_vaults_loading_screen, nicolae_vaults_layer_cake_slice,
          vaults_room_corners, layout_vaults_omnigrid, serial_shops, shop,
          uniq_nikola
Vaults:2: nicolae_vaults_mitosis, vaults_room_door_hall,
          nicolae_vaults_storing_the_good_stuff, grunt_vaults_hallway_long,
          vaults_room_pool, vaults_dpeg_emergency_exit,
          nicolae_vaults_double_plus_3, nicolae_vaults_trapezoid_1,
          nicolae_vaults_theta, nicolae_vaults_closet_pinwheel_1,
          dpeg_vaults_monster_box, nicolae_vaults_trapezoid_layered,
          layout_vaults_ring

Skill      XL: |  1  2  3  4  5  6  7  8  9 10 11 12 13 14 15 16 17 18 19 |
---------------+----------------------------------------------------------+-----
Armour         | 1 2 3 4 5 6 10 11 13 | 13.6
Ranged Weapons | 5 6 7 8 14 15 16 18 19 20 | 20.0
Fighting       | 3 4 5 7 8 10 11 12 13 15 17 19 20 21 | 21.0
Dodging        | 2 4 5 6 7 9 10 11 13 14 | 14.0
Invocations    | 3 4 9 10 | 10.1
Stealth        | |  1.1

Action                     |  1- 3 |  4- 6 |  7- 9 | 10-12 | 13-15 | 16-18 | 19-21 || total
---------------------------+-------+-------+-------+-------+-------+-------+-------++-------
   Fire: Shortbow          |    91 |   127 |   129 |       |       |       |       ||   347
         Longbow           |       |       |    40 |   427 |  1141 |  1906 |   459 ||  3973
 Invoke: Heroism           |       |       |       |    17 |    29 |    44 |     8 ||    98
         Finesse           |       |       |       |       |     9 |    12 |     3 ||    24
    Use: Scroll            |     6 |     2 |    10 |     6 |    10 |     8 |     3 ||    45
         Potion            |       |       |     1 |     3 |     5 |     2 |       ||    11
 Armour: Leather armour    |    10 |       |       |       |       |       |       ||    10
         Ring mail         |     7 |    35 |    30 |    11 |       |   475 |   216 ||   774
         Steam dragon scal |       |       |       |    31 |       |       |       ||    31
         Troll leather arm |       |       |       |    57 |   463 |    73 |       ||   593
  Dodge: Dodged            |    37 |    34 |    16 |    99 |   459 |   931 |   566 ||  2142
  Block: Other             |       |     1 |    12 |    29 |   163 |   166 |       ||   371
         Reflection        |       |       |     4 |     1 |    12 |    38 |       ||    55

Table legend:
 A = Non-vault XP
 B = Vault XP
 C = Vault XP percentage of total XP
 D = Non-vault monster count
 E = Vault monster count
 F = Vault count percentage of total count
                 A         B        C        D         E       F
            +---------+---------+-------+---------+---------+-------
      Total |  232345 |  136273 |  37.0 |     725 |     363 |  33.4
            +---------+---------+-------+---------+---------+-------
        D:1 |      37 |       0 |   0.0 |      20 |       0 |   0.0
        D:2 |      23 |       0 |   0.0 |       7 |       0 |   0.0
        D:3 |     156 |      23 |  12.8 |      14 |       7 |  33.3
        D:4 |     306 |       0 |   0.0 |      23 |       0 |   0.0
        D:5 |     604 |     510 |  45.8 |      27 |       3 |  10.0
        D:6 |     494 |       0 |   0.0 |      17 |       0 |   0.0
        D:7 |     612 |     542 |  47.0 |       5 |       4 |  44.4
        D:8 |    1707 |    1192 |  41.1 |      25 |       2 |   7.4
        D:9 |    2698 |    2103 |  43.8 |      19 |      21 |  52.5
       D:10 |    4186 |    2498 |  37.4 |      18 |       4 |  18.2
       D:11 |    3641 |       0 |   0.0 |       9 |       0 |   0.0
       D:12 |    3722 |       0 |   0.0 |      19 |       0 |   0.0
       D:13 |   10728 |    2325 |  17.8 |      23 |       5 |  17.9
       D:14 |    5271 |    2525 |  32.4 |      12 |       7 |  36.8
       D:15 |   16204 |   15304 |  48.6 |      27 |      33 |  55.0
     Lair:1 |    5698 |    1263 |  18.1 |      17 |       2 |  10.5
     Lair:2 |    7560 |    1761 |  18.9 |      31 |       7 |  18.4
     Lair:3 |    4705 |    2647 |  36.0 |      21 |      15 |  41.7
     Lair:4 |    8139 |       0 |   0.0 |      29 |       0 |   0.0
     Lair:5 |   16456 |    9471 |  36.5 |      45 |      44 |  49.4
   Shoals:1 |   16813 |    6126 |  26.7 |      28 |      26 |  48.1
   Shoals:2 |   25339 |    7235 |  22.2 |      47 |       9 |  16.1
   Shoals:3 |   19658 |    4869 |  19.9 |      37 |       6 |  14.0
   Shoals:4 |    6678 |   29795 |  81.7 |      16 |      42 |  72.4
    Snake:1 |   17406 |   12103 |  41.0 |      37 |      15 |  28.8
    Snake:2 |    7700 |       0 |   0.0 |      16 |       0 |   0.0
    Snake:3 |   10110 |    8018 |  44.2 |      20 |      16 |  44.4
      Orc:1 |    1149 |    1650 |  58.9 |      24 |       5 |  17.2
      Orc:2 |    5339 |   16975 |  76.1 |      53 |      81 |  60.4
   Vaults:1 |   29206 |    7338 |  20.1 |      39 |       9 |  18.8
            +---------+---------+-------+---------+---------+-------
